Workbook

Sheet Necesidades
A1: 5. OFERTA TECNICA ECONOMICA El suscrito, obrando en representación de __________________________, ofrezco contratar con el Centro del Diseño y Manufactura del Cuero del Servicio Nacional de Aprendizaje SENA Regional Antioquia, cuyo objeto es: 5_9201_166 PRESTAR EL SERVICIO DE TRANSPORTE PARA EL DESPLAZAMIENTO DE LOS APRENDICES DENTRO Y FUERA DEL ÁREA METROPOLITANA QUE PARTICIPAN DE LAS ACTIVIDADES PROGRAMADAS EN EL PLAN DE BIENESTAR AL APRENDIZ, PERTENECIENTES AL CENTRO DEL DISEÑO Y MANUFACTURA DEL CUERO.
A2: CODIGO UNSPSC | B2: ITEM | C2: RUTA DE IDA | E2: RUTA DE REGRESO | G2: VEHÍCULO (CAPACIDAD -PERSONAS) | H2: VALOR PRECIO TECHO | I2: VALOR OFERTADO POR EL PROVEEDOR
A3: 78111803 | B3: 1 | C3: ITAGUI | D3: AMAGA | E3: AMAGA | F3: ITAGUI | G3: 20 | H3: 1026587 | I3: 0
A4: 78111803 | B4: 2 | C4: ITAGUI | D4: AMAGA | E4: AMAGA | F4: ITAGUI | G4: 40 | H4: 1192042.3 | I4: 0
A5: 78111803 | B5: 3 | C5: ITAGUI | D5: BARBOSA | E5: BARBOSA | F5: ITAGUI | G5: 20 | H5: 1072568.3 | I5: 0
A6: 78111803 | B6: 4 | C6: ITAGUI | D6: BARBOSA | E6: BARBOSA | F6: ITAGUI | G6: 40 | H6: 1257754.7 | I6: 0
A7: 78111803 | B7: 5 | C7: ITAGUI | D7: BELLO | E7: BELLO | F7: ITAGUI | G7: 20 | H7: 740499 | I7: 0
A8: 78111803 | B8: 6 | C8: ITAGUI | D8: BELLO | E8: BELLO | F8: ITAGUI | G8: 40 | H8: 862933 | I8: 0
A9: 78111803 | B9: 7 | C9: ITAGUI | D9: CALDAS | E9: CALDAS | F9: ITAGUI | G9: 20 | H9: 731688.33 | I9: 0
A10: 78111803 | B10: 8 | C10: ITAGUI | D10: CALDAS | E10: CALDAS | F10: ITAGUI | G10: 40 | H10: 860548 | I10: 0
A11: 78111803 | B11: 9 | C11: ITAGUI | D11: CISNEROS | E11: CISNEROS | F11: ITAGUI | G11: 20 | H11: 1557430.3 | I11: 0
A12: 78111803 | B12: 10 | C12: ITAGUI | D12: CISNEROS | E12: CISNEROS | F12: ITAGUI | G12: 40 | H12: 1714989 | I12: 0
A13: 78111803 | B13: 11 | C13: ITAGUI | D13: COCORNÁ | E13: COCORNÁ | F13: ITAGUI | G13: 20 | H13: 1593638 | I13: 0
A14: 78111803 | B14: 12 | C14: ITAGUI | D14: COCORNÁ | E14: COCORNÁ | F14: ITAGUI | G14: 40 | H14: 1924165.3 | I14: 0
... A60: 78111803 | B60: 58 | C60: ITAGUI | D60: VENECIA | E60: VENECIA | F60: ITAGUI | G60: 40 | H60: 1606958 | I60: 0
A61: VALOR TOTAL | H61: =SUM(H3:H60) -> 68897893 | I61: =SUM(I3:I60) -> 0
B65: Nombre o Razón Social del Proponente: ___________________________ NIT ___________________________________________________________ Nombre del Representante Legal: _________________________________ C. C. Nº ___________________________ de__________________________ FIRMA: ________________________________________________________

Sheet POD
A1: PRESUPUESTO OFICIAL DISPONIBLE
A2: Lote No. | B2: Valor POD | C2: Asignación | D2: Necesidades | E2: Diferencia
A3: =Necesidades!#REF! -> #REF! | B3: 54281811 | C3: 246300000 | D3: =SUM(B3:B5) -> #REF! | E3: =C3-D3 -> #REF!
A4: =Necesidades!#REF! -> #REF! | B4: =Necesidades!#REF! -> #REF!
A5: =Necesidades!#REF! -> #REF! | B5: 47999717
A6: =Necesidades!#REF! -> #REF! | B6: =Necesidades!#REF! -> #REF! | C6: 124375329 | D6: =SUM(B6:B12) -> #REF! | E6: =C6-D6 -> #REF!
A7: =Necesidades!#REF! -> #REF! | B7: =Necesidades!#REF! -> #REF!
A8: =Necesidades!#REF! -> #REF! | B8: =Necesidades!#REF! -> #REF!
A9: =Necesidades!#REF! -> #REF! | B9: =Necesidades!#REF! -> #REF!
A10: =Necesidades!#REF! -> #REF! | B10: =Necesidades!#REF! -> #REF!
A11: =Necesidades!#REF! -> #REF! | B11: =Necesidades!#REF! -> #REF!
A12: =Necesidades!#REF! -> #REF! | B12: =Necesidades!#REF! -> #REF!
A13: =Necesidades!#REF! -> #REF! | B13: =Necesidades!#REF! -> #REF! | C13: 47014153 | D13: =SUM(B13:B15) -> #REF! | E13: =C13-B13-B14-B15-B16-B17 -> #REF!
A14: =Necesidades!#REF! -> #REF! | B14: =Necesidades!#REF! -> #REF!
A15: =Necesidades!#REF! -> #REF! | B15: =Necesidades!#REF! -> #REF!
A16: =Necesidades!#REF! -> #REF! | B16: =Necesidades!#REF! -> #REF! | F16: =E13-E16 -> #REF!
A17: =Necesidades!#REF! -> #REF! | B17: =Necesidades!#REF! -> #REF!
A18: =Necesidades!#REF! -> #REF! | B18: =Necesidades!#REF! -> #REF! | C18: 157000000 | D18: =SUM(B18:B24) -> #REF! | E18: =C18-D18 -> #REF!
A19: =Necesidades!#REF! -> #REF! | B19: =Necesidades!#REF! -> #REF!
A20: =Necesidades!#REF! -> #REF! | B20: =Necesidades!#REF! -> #REF!
A21: =Necesidades!#REF! -> #REF! | B21: =Necesidades!#REF! -> #REF!
A22: =Necesidades!#REF! -> #REF! | B22: =Necesidades!#REF! -> #REF!
A23: =Necesidades!#REF! -> #REF! | B23: =Necesidades!#REF! -> #REF!
A24: =Necesidades!#REF! -> #REF! | B24: =Necesidades!#REF! -> #REF!
A25: =Necesidades!#REF! -> #REF! | B25: =Necesidades!#REF! -> #REF! | C25: 40000000 | D25: =B25 -> #REF! | E25: =C25-D25 -> #REF!
B27: =SUM(B3:B25) -> #REF!

Sheet UNSPSC
A1: =POD!A3 -> #REF!
A2: 42121506 | B2: Sets de instrumentos quirúrgicos para uso veterinario | E2: UNSPSC – Decreto 1082 de 2015
A3: 42121801 | B3: Máquina para inseminación artificial | E3: ITEM | F3: GRUPO | G3: SEGMENTO | H3: FAMILIA | I3: CLASE
A4: 21102401 | B4: Equipo para apicultura | E4: 1 | F4: (E) Productos de Uso Final | G4: 42000000 | H4: 42120000 | I4: 42121500
A5: 42121604 | B5: Productos para el sistema musculo esquelético o nervioso para uso veterinario | E5: 2 | F5: (C) Maquinaria, Herramientas, Equipo Industrial y Vehìculos | G5: 21000000 | H5: 21100000 | I5: 21102400
A6: 42121602 | B6: Productos para sangre o formación de sangre para uso veterinario | E6: 3 | F6: (E) Productos de Uso Final | G6: 42000000 | H6: 42120000 | I6: 42121600
A7: 10101703 | B7: Tilapia viva | E7: 4 | F7: (A) Material Vivo Animal y Vegetal | G7: 10000000 | H7: 10100000 | I7: 10101700
A8: 10121702 | B8: Alimento granulado para peces | E8: 5 | F8: (A) Material Vivo Animal y Vegetal | G8: 10000000 | H8: 10120000 | I8: 10121700
A10: =POD!A4 -> #REF! | E10: UNSPSC – Decreto 1082 de 2015
A11: 10151502 | B11: Semillas o plántulas de zanahoria | E11: ITEM | F11: GRUPO | G11: SEGMENTO | H11: FAMILIA | I11: CLASE
A12: 10171608 | B12: Fertilizante micro elemento | E12: 1 | F12: (A) Material Vivo Animal y Vegetal | G12: 10000000 | H12: 10150000 | I12: 10151500
A13: 10191509 | B13: Insecticidas | E13: 2 | F13: (A) Material Vivo Animal y Vegetal | G13: 10000000 | H13: 10170000 | I13: 10171600
A14: 51211624 | B14: Antídoto y eméticos | E14: 3 | F14: (E) Productos de Uso Final | G14: 51000000 | H14: 51210000 | I14: 51211600
A15: 21101700 | B15: Maquinaria agrícola parta cosechr | E15: 4 | F15: (C) Maquinaria, Herramientas, Equipo Industrial y Vehìculos | G15: 21000000 | H15: 21100000 | I15: 21102300
A16: 21102305 | B16: Material para sombras para agricultura | E16: 5 | F16: (A) Material Vivo Animal y Vegetal | G16: 10000000 | H16: 10170000 | I16: 10171700
A17: 10171702 | B17: Fungicidas
A19: =Necesidades!#REF! -> #REF! | E19: UNSPSC – Decreto 1082 de 2015
A20: 12352207 | B20: Cultivos y fluidos | E20: ITEM | F20: GRUPO | G20: SEGMENTO | H20: FAMILIA | I20: CLASE
A21: 51102706 | B21: Antisepticos | E21: 1 | F21: (B) Materias Primas | G21: 12000000 | H21: 12350000 | I21: 12352200
A22: 50131600 | B22: Huevos y sustitutos | E22: 2 | F22: (E) Productos de Uso Final | G22: 51000000 | H22: 51100000 | I22: 51102700
A23: 50111500 | B23: Carne y aves del corral | E23: 3 | F23: (E) Productos de Uso Final | G23: 50000000 | H23: 50130000 | I23: 50131600
A24: 50201706 | B24: Café | E24: 4 | F24: (B) Materias Primas | G24: 12000000 | H24: 12350000 | I24: 12352200
A25: 12352207 | B25: Cultivos y fluidos | E25: 5 | F25: (E) Productos de Uso Final | G25: 50000000 | H25: 50160000 | I25: 50161500
A26: 50161509 | B26: Azucares naturales o productos endulzantes
A28: =Necesidades!#REF! -> #REF! | E28: UNSPSC – Decreto 1082 de 2015
A29: 46182306 | B29: Arneses o cinturones de seguridad | E29: ITEM | F29: GRUPO | G29: SEGMENTO | H29: FAMILIA | I29: CLASE
A30: 46181539 | B30: Guantes anti vibraciones | E30: 1 | F30: (E) Productos de Uso Final | G30: 46000000 | H30: 46180000 | I30: 46182300
E31: 2 | F31: (E) Productos de Uso Final | G31: 46000000 | H31: 46180000 | I31: 46181500
A32: =Necesidades!#REF! -> #REF!
A33: 41111621 | B33: Calibradores | E33: UNSPSC – Decreto 1082 de 2015
A34: 44101808 | B34: Calculadoras científicas | E34: ITEM | F34: GRUPO | G34: SEGMENTO | H34: FAMILIA | I34: CLASE
A35: 14111519 | B35: Papeles cartulina | E35: 1 | F35: (D) Componentes y suministros | G35: 41000000 | H35: 41110000 | I35: 41111600
A36: 41111502 | B36: Balanzas de laboratorio | E36: 2 | F36: (D) Componentes y suministros | G36: 44000000 | H36: 44100000 | I36: 44101800
A37: 60103109 | B37: Instrumentos de dibujo geométrico para la pizarra | E37: 3 | F37: (B) Materias Primas | G37: 14000000 | H37: 14110000 | I37: 14111500
A38: 60141101 | B38: Juegos educativos | E38: 4 | F38: (E) Productos de Uso Final | G38: 60000000 | H38: 60100000 | I38: 60103100
A39: 39121440 | B39: Cable de extensión eléctrica | E39: 5 | F39: (D) Componentes y suministros | G39: 39000000 | H39: 39120000 | I39: 39121400
A41: =Necesidades!#REF! -> #REF! | E41: UNSPSC – Decreto 1082 de 2015
A42: 50201706 | B42: Café | E42: ITEM | F42: GRUPO | G42: SEGMENTO | H42: FAMILIA | I42: CLASE
A43: 50161500 | B43: Chocolates, azucares, edulcorantes, productos | E43: 1 | F43: (D) Componentes y suministros | G43: 41000000 | H43: 41110000 | I43: 41115600
A44: 12352207 | B44: Cultivos y fluidos | E44: 2 | F44: (E) Productos de Uso Final | G44: 50000000 | H44: 50200000 | I44: 50201700
A45: 24121807 | B45: Recipientes de plástico | E45: 3 | F45: (B) Materias Primas | G45: 12000000 | H45: 12350000 | I45: 12352200
A46: 12161805 | B46: Agentes gelificantes naturales | E46: 4 | F46: (E) Productos de Uso Final | G46: 51000000 | H46: 51170000 | I46: 51171600
A47: 41115603 | B47: Medidores de ph | E47: 5 | F47: (E) Productos de Uso Final | G47: 50000000 | H47: 50200000 | I47: 50202200
A48: 51171600 | B48: Laxante
A49: 50405900 | B49: Vegetales Marinas
A50: 12164502 | B50: Aditivos de alimentos y fármacos
A51: 50181709 | B51: Suministros para hornear
A52: 50202206 | B52: Licor Destilado
A54: =POD!A9 -> #REF! | E54: UNSPSC – Decreto 1082 de 2015
A55: 10151530 | B55: Semillas o plántulas de rábano | E55: ITEM | F55: GRUPO | G55: SEGMENTO | H55: FAMILIA | I55: CLASE
A56: 10191509 | B56: Insecticidas | E56: 1 | F56: (A) Material Vivo Animal y Vegetal | G56: 10000000 | H56: 10150000 | I56: 10151500
A57: 10171504 | B57: Abono | E57: 2 | F57: (E) Productos de Uso Final | G57: 50000000 | H57: 50190000 | I57: 50192400
A58: 50192400 | B58: Mermeladas y gelatinas y pastas de untar de nuez y conservas de fruta | E58: 3 | F58: (B) Materias Primas | G58: 11000000 | H58: 11160000 | I58: 11162100
A59: 11162110 | B59: Malla red | E59: 4 | F59: (E) Productos de Uso Final | G59: 51000000 | H59: 51210000 | I59: 51211600
A60: 10171802 | B60: Acondicionador inorgánico de suelos | E60: 5 | F60: (E) Productos de Uso Final | G60: 42000000 | H60: 42120000 | I60: 42121500
A61: 51211624 | B61: Sulfato de cobre
A62: 11111501 | B62: Tierra
A63: 42121506 | B63: Sets de instrumentos quirúrgicos para uso veterinario
A65: =Necesidades!#REF! -> #REF! | E65: UNSPSC – Decreto 1082 de 2015
A66: 11161702 | B66: Textiles de algodón de tejido de pana | E66: ITEM | F66: GRUPO | G66: SEGMENTO | H66: FAMILIA | I66: CLASE
A67: 60105803 | B67: Materiales de enseñanza de comprensión de la confección o hechura de ropa | E67: 1 | F67: (B) Materias Primas | G67: 11000000 | H67: 11160000 | I67: 11161700
A68: 53141605 | B68: Agujas de costura | E68: 2 | F68: (E) Productos de Uso Final | G68: 60000000 | H68: 60100000 | I68: 60105800
A69: 11151509 | B69: Fibras de seda | E69: 3 | F69: (B) Materias Primas | G69: 11000000 | H69: 11150000 | I69: 11151500
A70: 53141505 | B70: Botones | E70: 4 | F70: (E) Productos de Uso Final | G70: 53000000 | H70: 53140000 | I70: 53141600
E71: 5 | F71: (E) Productos de Uso Final | G71: 53000000 | H71: 53140000 | I71: 53141500
A72: =Necesidades!#REF! -> #REF!
A73: 46182306 | B73: Arneses o cinturones de seguridad | E73: lote 9
A74: 46181539 | B74: Guantes anti vibraciones | E74: UNSPSC – Decreto 1082 de 2015
A75: 46182304 | B75: Conector de anclaje | E75: ITEM | F75: GRUPO | G75: SEGMENTO | H75: FAMILIA | I75: CLASE
A76: 22101906 | B76: Equipo de apuntalamiento | E76: 1 | F76: (E) Productos de Uso Final | G76: 46000000 | H76: 46180000 | I76: 46182300
E77: 2 | F77: (E) Productos de Uso Final | G77: 46000000 | H77: 46180000 | I77: 43151500
A78: =Necesidades!#REF! -> #REF! | E78: 3 | F78: (C) Maquinaria, Herramientas, Equipo Industrial y Vehìculos | G78: 22000000 | H78: 22100000 | I78: 22101900
A79: 12352301 | B79: Ácidos inorgánicos | E79: lote 10
A80: 41116105 | B80: Reactivos o soluciones químicas | E80: UNSPSC – Decreto 1082 de 2015
A81: 12352115 | B81: Cetonas o quinonas o sus sustitutos | E81: ITEM | F81: GRUPO | G81: SEGMENTO | H81: FAMILIA | I81: CLASE
A82: 41121803 | B82: Vasos de precipitados para laboratorio | E82: 1 | F82: (B) Materias Primas | G82: 12000000 | H82: 12350000 | I82: 12352300
A83: 41122605 | B83: Aceite de inmersión para microscopios | E83: 2 | F83: (D) Componentes y suministros | G83: 41000000 | H83: 41110000 | I83: 41116100
E84: 3 | F84: (B) Materias Primas | G84: 12000000 | H84: 12350000 | I84: 12352100
A85: =Necesidades!#REF! -> #REF! | E85: 4 | F85: (D) Componentes y suministros | G85: 41000000 | H85: 41120000 | I85: 41121800
A86: 50121612 | B86: Mariscos congelados | E86: 5 | F86: (D) Componentes y suministros | G86: 41000000 | H86: 41120000 | I86: 41122600 | J86: 0
A87: 50111515 | B87: Carne y aves de corral
A88: 50131600 | B88: Huevos y sustitutos | E88: UNSPSC – Decreto 1082 de 2015
A89: 50202206 | B89: Licor destilado | E89: ITEM | F89: GRUPO | G89: SEGMENTO | H89: FAMILIA | I89: CLASE
A90: 47131821 | B90: Compuestos desengrasantes | E90: 1 | F90: (E) Productos de Uso Final | G90: 50000000 | H90: 50120000 | I90: 50121600
A91: 50181709 | B91: Suministros para hornear | E91: 2 | F91: (E) Productos de Uso Final | G91: 50000000 | H91: 50200000 | I91: 50202200
A92: 48102109 | B92: Papel plástico para envolver alimentos | E92: 3 | F92: (E) Productos de Uso Final | G92: 47000000 | H92: 47130000 | I92: 47131800
A93: 50424125 | B93: Hierbas secas | E93: 4 | F93: (E) Productos de Uso Final | G93: 50000000 | H93: 50130000 | I93: 50131600
A94: 50192404 | B94: Cristales de gelatina o mermelada | E94: 5 | F94: (E) Productos de Uso Final | G94: 50000000 | H94: 50420000 | I94: 50424100
A95: 50202207 | B95: Cocteles de alcohol o bebidas mixtas
A97: =Necesidades!#REF! -> #REF! | E97: UNSPSC – Decreto 1082 de 2015
A98: 11161701 | B98: Textiles de algodón de tejido simple | E98: ITEM | F98: GRUPO | G98: SEGMENTO | H98: FAMILIA | I98: CLASE
A99: 11162307 | B99: Cuero sintético o de imitación | E99: 1 | F99: (B) Materias Primas | G99: 11000000 | H99: 11160000 | I99: 11161700
A100: 11151507 | B100: Fibras de algodón | E100: 2 | F100: (B) Materias Primas | G100: 11000000 | H100: 11150000 | I100: 11151500
A101: 31211502 | B101: Pinturas de agua | E101: 3 | F101: (D) Componentes y suministros | G101: 31000000 | H101: 31210000 | I101: 31211500
A102: 60122907 | B102: Cuentas surtidas o de decoración | E102: 4 | F102: (E) Productos de Uso Final | G102: 60000000 | H102: 60120000 | I102: 60122900
A103: 53112000 | B103: Accesorios para calzado | E103: 5 | F103: (E) Productos de Uso Final | G103: 53000000 | H103: 53110000 | I103: 53112000
A105: =Necesidades!#REF! -> #REF! | E105: UNSPSC – Decreto 1082 de 2015
A106: 53131600 | B106: Baño y cuerpo | E106: ITEM | F106: GRUPO | G106: SEGMENTO | H106: FAMILIA | I106: CLASE
A107: 53131640 | B107: Removedor de esmalte | E107: 1 | F107: (E) Productos de Uso Final | G107: 53000000 | H107: 53130000 | I107: 53131600
A108: 42281603 | B108: Desinfectante o esterilizador de instrumentos | E108: 2 | F108: (E) Productos de Uso Final | G108: 42000000 | H108: 42280000 | I108: 42281600
...

Sheet RUBROS
A1: DESPLAZADOS | G1: PRODUCCIÓN DE CENTROS
A2: 920610 | B2: C-3602-1300-7-0-3602031-02 | C2: NACIÓN | G2: 920634 | H2: C-3603-1300-14-0-3603025-02 | I2: PROPIOS
A3: 47014153 | G3: 157000000
A4: {=POD!A13:A15} -> #REF! | B4: {=POD!B13:B15} -> #REF! | C4: =SUM(_xlfn.ANCHORARRAY(B4)) -> #REF! | D4: Subsede | G4: {=POD!A18:A24} -> #REF! | H4: {=POD!B18:B24} -> #REF! | I4: Textil - Lab calidad
A5: #REF! | B5: #REF! | G5: #REF! | H5: #REF! | I5: Textil - TICS
A6: #REF! | B6: #REF! | G6: #REF! | H6: #REF! | I6: Subsede
A7: {=POD!A16:A17} -> #REF! | B7: {=POD!B16:B17} -> #REF! | C7: =SUM(_xlfn.ANCHORARRAY(B7)) -> #REF! | D7: Medellìn | G7: #REF! | H7: #REF!
A8: #REF! | B8: #REF! | G8: #REF! | H8: #REF!
B9: =A3-B4-B5-B6-B7-B8 -> #REF! | G9: #REF! | H9: #REF! | I9: Subsede TICS
G10: #REF! | H10: #REF! | I10: Lab calidad
H11: =G3-H4-H5-H6-H7-H8-H9-H10 -> #REF!
A12: FIC
A13: 920618 | B13: C-3603-1300-14-0-3603025-02 | C13: PROPIOS
A14: 40000000
A15: =POD!A25 -> #REF! | B15: =POD!B25 -> #REF!
A17: TOTAL | B17: =SUM(B15:B16) -> #REF! | G17: 920638 | H17: C-3602-1300-8-0-3602035-02 | I17: NACIÓN
A18: DIFERENCIA | B18: =A14-B17 -> #REF! | G18: 246300000
G19: =POD!A3 -> #REF! | H19: =POD!B3 -> 54281811
G20: =POD!A4 -> #REF! | H20: =POD!B4 -> #REF!
A21: REGULAR | G21: =POD!A5 -> #REF! | H21: =POD!B5 -> 47999717
A22: 920645 | B22: C-3603-1300-14-0-3603025-02 | C22: NACIÓN
A23: 124375329 | G23: TOTAL | H23: =SUM(H19:H22) -> #REF!
A24: =POD!A6 -> #REF! | B24: =POD!B6 -> #REF! | C24: =B24 -> #REF! | D24: TICS | G24: DIFERENCIA | H24: =G18-H23 -> #REF!
A25: =POD!A7 -> #REF! | B25: =POD!B7 -> #REF! | D25: Textil
A26: =POD!A8 -> #REF! | B26: =POD!B8 -> #REF! | C26: =SUM(B26:B29) -> #REF! | D26: subsede
A27: =POD!A9 -> #REF! | B27: =POD!B9 -> #REF!
A28: =POD!A10 -> #REF! | B28: =POD!B10 -> #REF!
A29: =POD!A11 -> #REF! | B29: =POD!B11 -> #REF!
A30: =POD!A12 -> #REF! | B30: =POD!B12 -> #REF! | C30: =B30+B25 -> #REF! | D30: Textil
B31: =A23-B24-B25-B26-B27-B28-B29-B30 -> #REF!
G32: NACIÓN | H32: =B4+B5+B6+B7+B8+H19+H20+H21+B24+B25+B26+B27+B28+B29+B30 -> #REF!
G33: PROPIOS | H33: =B15+H4+H5+H6+H7+H8+H9+H10 -> #REF!

Sheet ESTUDIO PREVIO AUMENTADO
A1: ESTUDIO DE MERCADO SUBASTA INVERSA DE MATERIALES DE FORMACIÓN
A3: Lote 1: Pecuario SER | E3: Lote 1: Pecuario SER
A4: TIPO | B4: CÓDIGO DE BIEN | C4: CODIGO ELEMENTO | D4: CÓDIGO UNSPSC | E4: ITEM | F4: DESCRIPCIÓN DEL ELEMENTOS | G4: UNIDAD DE MEDIDA | J4: CANTIDAD SOLICITADA | K4: COLANTA | N4: RED AGRO | Q4: IVANAGRO | T4: ARANGO HERMANOS | W4: AGROTRILLADORA | Z4: PROMEDIO
K5: VALOR UNITARIO | L5: % IVA | M5: VALOR TOTAL | N5: VALOR UNITARIO | O5: % IVA | P5: VALOR TOTAL | Q5: VALOR UNITARIO | R5: % IVA | S5: VALOR TOTAL | T5: VALOR UNITARIO | U5: % IVA | V5: VALOR TOTAL | W5: VALOR UNITARIO | X5: % IVA | Y5: VALOR TOTAL | Z5: VALOR UNITARIO | AA5: % IVA | AB5: VALOR TOTAL
A6: 5 | B6: 142121612 | C6: 245394 | D6: 42142609 | E6: 1 | F6: JERINGA 20ML | G6: UNIDAD | J6: 2000 | K6: 420 | L6: 0.19 | M6: =K6*J6 -> 840000 | N6: 744 | O6: 0.19 | P6: =N6*J6 -> 1488000 | Q6: 480 | R6: 0.19 | S6: =Q6*J6 -> 960000 | T6: 0 | U6: 0.19 | V6: =T6*J6 -> 0 | W6: 588 | X6: 0.19 | Y6: =W6*J6 -> 1176000 | Z6: =SUM(K6+N6+Q6+T6+W6)/4 -> 558 | AA6: 0.19 | AB6: =Z6*J6 -> 1116000
A7: 5 | B7: 142121612 | C7: 245394 | D7: 42142609 | E7: 2 | F7: JERINGA 10ML | G7: UNIDAD | J7: 2000 | K7: 275 | L7: 0.19 | M7: =K7*J7 -> 550000 | N7: 480 | O7: 0.19 | P7: =N7*J7 -> 960000 | Q7: 275 | R7: 0.19 | S7: =Q7*J7 -> 550000 | T7: 0 | U7: 0.19 | V7: =T7*J7 -> 0 | W7: 420 | X7: 0.19 | Y7: =W7*J7 -> 840000 | Z7: =SUM(K7+N7+Q7+T7+W7)/4 -> 362.5 | AA7: 0.19 | AB7: =Z7*J7 -> 725000
A8: 5 | B8: 142142521 | C8: 276090 | D8: 42142523 | E8: 3 | F8: AGUJA CALIBRE 16 x 11/2 | G8: UNIDAD | J8: 2000 | K8: 105 | L8: 0.19 | M8: =K8*J8 -> 210000 | N8: 99 | O8: 0.19 | P8: =N8*J8 -> 198000 | Q8: 105 | R8: 0.19 | S8: =Q8*J8 -> 210000 | T8: 0 | U8: 0.19 | V8: =T8*J8 -> 0 | W8: 126 | X8: 0.19 | Y8: =W8*J8 -> 252000 | Z8: =SUM(K8+N8+Q8+T8+W8)/4 -> 108.75 | AA8: 0.19 | AB8: =Z8*J8 -> 217500
A9: 5 | B9: 142121612 | C9: 254234 | D9: 42132203 | E9: 4 | F9: GUANTE DE PALPACION (OBSTETRICO) | G9: UNIDAD | J9: 2000 | K9: 200 | L9: 0.19 | M9: =K9*J9 -> 400000 | N9: 413 | O9: 0.19 | P9: =N9*J9 -> 826000 | Q9: 230 | R9: 0.19 | S9: =Q9*J9 -> 460000 | T9: 0 | U9: 0.19 | V9: =T9*J9 -> 0 | W9: 415 | X9: 0.19 | Y9: =W9*J9 -> 830000 | Z9: =SUM(K9+N9+Q9+T9+W9)/4 -> 314.5 | AA9: 0.19 | AB9: =Z9*J9 -> 629000
A10: 5 | B10: 142121611 | C10: 235254 | D10: 42121601 | E10: 5 | F10: OXITETRACICLINA MK | G10: FRASCO x 500ml | J10: 45 | K10: 31122 | L10: 0 | M10: =K10*J10 -> 1400490 | N10: 31783 | O10: 0 | P10: =N10*J10 -> 1430235 | Q10: 33000 | R10: 0 | S10: =Q10*J10 -> 1485000 | T10: 0 | U10: 0 | V10: =T10*J10 -> 0 | W10: 30300 | X10: 0 | Y10: =W10*J10 -> 1363500 | Z10: =SUM(K10+N10+Q10+T10+W10)/4 -> 31551.25 | AA10: 0 | AB10: =Z10*J10 -> 1419806.2
A11: 5 | B11: 142221903 | C11: 233742 | D11: 42142614 | E11: 6 | F11: VENOCLISIS (MACROGOTEO) | G11: UNIDAD | J11: 180 | K11: 1067 | L11: 0 | M11: =K11*J11 -> 192060 | N11: 1529 | O11: 0 | P11: =N11*J11 -> 275220 | Q11: 1197 | R11: 0 | S11: =Q11*J11 -> 215460 | T11: 0 | U11: 0 | V11: =T11*J11 -> 0 | W11: 1200 | X11: 0 | Y11: =W11*J11 -> 216000 | Z11: =SUM(K11+N11+Q11+T11+W11)/4 -> 1248.25 | AA11: 0 | AB11: =Z11*J11 -> 224685
A12: 5 | B12: 142121611 | C12: 238780 | D12: 42121601 | E12: 7 | F12: ALBENDAZOL | G12: FRASCO 100ml | J12: 50 | K12: 18721 | L12: 0 | M12: =K12*J12 -> 936050 | N12: 12337 | O12: 0 | P12: =N12*J12 -> 616850 | Q12: 18700 | R12: 0 | S12: =Q12*J12 -> 935000 | T12: 0 | U12: 0 | V12: =T12*J12 -> 0 | W12: 85700 | X12: 0 | Y12: =W12*J12 -> 4285000 | Z12: =SUM(K12+N12+Q12+T12+W12)/4 -> 33864.5 | AA12: 0 | AB12: =Z12*J12 -> 1693225
A13: 5 | B13: 142121611 | C13: 254936 | D13: 42121607 | E13: 8 | F13: CALFOSVIT | G13: FRASCO 250ml | J13: 50 | K13: 88073 | L13: 0 | M13: =K13*J13 -> 4403650 | N13: 101794 | O13: 0 | P13: =N13*J13 -> 5089700 | Q13: 103550 | R13: 0 | S13: =Q13*J13 -> 5177500 | T13: 0 | U13: 0 | V13: =T13*J13 -> 0 | W13: 93300 | X13: 0 | Y13: =W13*J13 -> 4665000 | Z13: =SUM(K13+N13+Q13+T13+W13)/4 -> 96679.25 | AA13: 0 | AB13: =Z13*J13 -> 4833962.5
A14: 5 | B14: 142121611 | C14: 284325 | D14: 42121602 | E14: 9 | F14: DEXTROSA AL 5% | G14: BOLSA x 500ml | J14: 150 | K14: 0 | L14: 0 | M14: =K14*J14 -> 0 | N14: 2571 | O14: 0 | P14: =N14*J14 -> 385650 | Q14: 3000 | R14: 0 | S14: =Q14*J14 -> 450000 | T14: 0 | U14: 0 | V14: =T14*J14 -> 0 | W14: 3400 | X14: 0 | Y14: =W14*J14 -> 510000 | Z14: =SUM(K14+N14+Q14+T14+W14)/3 -> 2990.3333 | AA14: 0 | AB14: =Z14*J14 -> 448550
A15: 5 | B15: 142121612 | C15: 235314 | D15: 42121801 | E15: 10 | F15: FUNDA PARA INSEMINACION BOVINOS | G15: PAQUETE x 50und | J15: 40 | K15: 9716 | L15: 0 | M15: =K15*J15 -> 388640 | N15: 14013 | O15: 0 | P15: =N15*J15 -> 560520 | Q15: 12800 | R15: 0 | S15: =Q15*J15 -> 512000 | T15: 0 | U15: 0 | V15: =T15*J15 -> 0 | W15: 15000 | X15: 0 | Y15: =W15*J15 -> 600000 | Z15: =SUM(K15+N15+Q15+T15+W15)/4 -> 12882.25 | AA15: 0 | AB15: =Z15*J15 -> 515290
A16: 5 | B16: 142121612 | C16: 252520 | D16: 42121801 | E16: 11 | F16: CATETER DE INSEMINACION BOVINOS | G16: PAQUETE x 25und | J16: 40 | K16: 13682 | L16: 0 | M16: =K16*J16 -> 547280 | N16: 0 | O16: 0 | P16: =N16*J16 -> 0 | Q16: 12550 | R16: 0 | S16: =Q16*J16 -> 502000 | T16: 0 | U16: 0 | V16: =T16*J16 -> 0 | W16: 17800 | X16: 0 | Y16: =W16*J16 -> 712000 | Z16: =SUM(K16+N16+Q16+T16+W16)/3 -> 14677.333 | AA16: 0 | AB16: =Z16*J16 -> 587093.33
A17: 5 | B17: 142121612 | C17: 247869 | D17: 10111300 | E17: 12 | F17: CINTA BOVIMETRICA | G17: UNIDAD | J17: 15 | K17: 24730 | L17: 0.19 | M17: =K17*J17 -> 370950 | N17: 0 | O17: 0.19 | P17: =N17*J17 -> 0 | Q17: 23550 | R17: 0.19 | S17: =Q17*J17 -> 353250 | T17: 0 | U17: 0.19 | V17: =T17*J17 -> 0 | W17: 0 | X17: 0.19 | Y17: =W17*J17 -> 0 | Z17: =SUM(K17+N17+Q17+T17+W17)/4 -> 12070 | AA17: 0.19 | AB17: =Z17*J17 -> 181050
A18: 5 | B18: 142121612 | C18: 243471 | D18: 42121506 | E18: 13 | F18: KIT INSTRUMENTAL QUIRURGICO Contiene: - Pinza de disección de 14 cm - Pinza de disección con garra de 14 cm - Pinza mosquito de 14 cm - Tijera de operación recta - Tijera de operación curva 14 cm - Mangos para bisturí No. 3 y No 4 - Sonda acanalada - Indicador para mostrar profundidad y dirección de la herida | G18: UNIDAD | J18: 15 | K18: 0 | L18: 0.19 | M18: =K18*J18 -> 0 | N18: 0 | O18: 0.19 | P18: =N18*J18 -> 0 | Q18: 57500 | R18: 0.19 | S18: =Q18*J18 -> 862500 | T18: 105042 | U18: 0.19 | V18: =T18*J18 -> 1575630 | W18: 0 | X18: 0.19 | Y18: =W18*J18 -> 0 | Z18: =SUM(K18+N18+Q18+T18+W18)/2 -> 81271 | AA18: 0.19 | AB18: =Z18*J18 -> 1219065
A19: 5 | B19: 142121611 | C19: 284136 | D19: 42121500 | E19: 14 | F19: KIT CON TEST Y RAQUETA (CALIFORNIA MASTITIS TEST) (El kit contiene un (1) litro de reactivo Sodio dodecyl sulfato y una raqueta de color negra donde se realiza el analisis) | G19: UNIDAD | J19: 15 | K19: 0 | L19: 0 | M19: =K19*J19 -> 0 | N19: 0 | O19: 0 | P19: =N19*J19 -> 0 | Q19: 18200 | R19: 0 | S19: =Q19*J19 -> 273000 | T19: 21000 | U19: 0 | V19: =T19*J19 -> 315000 | W19: 22900 | X19: 0 | Y19: =W19*J19 -> 343500 | Z19: =SUM(K19+N19+Q19+T19+W19)/3 -> 20700 | AA19: 0 | AB19: =Z19*J19 -> 310500
A20: 5 | B20: 142121611 | C20: 240674 | D20: 42121604 | E20: 15 | F20: FINADYNE | G20: FRASCOX50ml | J20: 20 | K20: 135393 | L20: 0 | M20: =K20*J20 -> 2707860 | N20: 148825 | O20: 0 | P20: =N20*J20 -> 2976500 | Q20: 146850 | R20: 0 | S20: =Q20*J20 -> 2937000 | T20: 0 | U20: 0 | V20: =T20*J20 -> 0 | W20: 126700 | X20: 0 | Y20: =W20*J20 -> 2534000 | Z20: =SUM(K20+N20+Q20+T20+W20)/4 -> 139442 | AA20: 0 | AB20: =Z20*J20 -> 2788840
A21: 5 | B21: 142121611 | C21: 236171 | D21: 42121605 | E21: 16 | F21: CALMAFOS | G21: FRASCOX500ml | J21: 20 | K21: 27940 | L21: 0 | M21: =K21*J21 -> 558800 | N21: 30775 | O21: 0 | P21: =N21*J21 -> 615500 | Q21: 31750 | R21: 0 | S21: =Q21*J21 -> 635000 | T21: 0 | U21: 0 | V21: =T21*J21 -> 0 | W21: 28500 | X21: 0 | Y21: =W21*J21 -> 570000 | Z21: =SUM(K21+N21+Q21+T21+W21)/4 -> 29741.25 | AA21: 0 | AB21: =Z21*J21 -> 594825
A22: 5 | B22: 142121611 | C22: 247867 | D22: 42121604 | E22: 17 | F22: VETALGINA | G22: FRASCOX50ml | J22: 20 | K22: 43324 | L22: 0 | M22: =K22*J22 -> 866480 | N22: 47723 | O22: 0 | P22: =N22*J22 -> 954460 | Q22: 47150 | R22: 0 | S22: =Q22*J22 -> 943000 | T22: 0 | U22: 0 | V22: =T22*J22 -> 0 | W22: 43800 | X22: 0 | Y22: =W22*J22 -> 876000 | Z22: =SUM(K22+N22+Q22+T22+W22)/4 -> 45499.25 | AA22: 0 | AB22: =Z22*J22 -> 909985
A23: 5 | B23: 231802 | C23: 121102402 | D23: 10101903 | E23: 18 | F23: NUCLEO DE ABEJAS (Africanizadas, de 4 marcos, con reina fecundada y población) (Deben ser abejas africanizadas seleccionadas y con registros. NO se aceptan abejas con cruces europeos) | G23: UNIDAD | J23: 25 | K23: 200000 | L23: 0 | M23: =K23*J23 -> 5000000 | N23: 260000 | O23: 0 | P23: =N23*J23 -> 6500000 | Q23: 280000 | R23: 0 | S23: =Q23*J23 -> 7000000 | T23: =SUM(K23+N23+Q23)/3 -> 246666.67 | U23: 0 | V23: =T23*J23 -> 6166666.7 | AB23: =V23 -> 6166666.7
A24: 5 | B24: 231803 | C24: 121102402 | D24: 21102401 | E24: 19 | F24: ALZA PROFUNDA (cámara de cría o alza profunda para miel fabricada en madera de pino canadiense recuperado, roble, cedro, campano disponible con baño en aceite de linaza, parafinada o pintada. MEDIDAS: 25cm Alto x 41.6cm Ancho x 50.7 Largo) | G24: UNIDAD | J24: 25 | K24: 31000 | L24: 0 | M24: =K24*J24 -> 775000 | N24: 43000 | O24: 0 | P24: =N24*J24 -> 1075000 | Q24: 45000 | R24: 0 | S24: =Q24*J24 -> 1125000 | T24: =SUM(K24+N24+Q24)/3 -> 39666.667 | U24: 0 | V24: =T24*J24 -> 991666.67 | AB24: =V24 -> 991666.67
A25: 5 | B25: 231804 | C25: 121102402 | D25: 21102401 | E25: 20 | F25: PANAL ALAMBRADO ALZA PROFUNDA (Cuadros ojaleteados y alambrados, 23cm Alto x 3.5 Ancho x 48.3 Largo) | G25: UNIDAD | J25: 260 | K25: 2900 | L25: 0 | M25: =K25*J25 -> 754000 | N25: 3900 | O25: 0 | P25: =N25*J25 -> 1014000 | Q25: 4200 | R25: 0 | S25: =Q25*J25 -> 1092000 | T25: =SUM(K25+N25+Q25)/3 -> 3666.6667 | U25: 0 | V25: =T25*J25 -> 953333.33 | AB25: =V25 -> 953333.33
A26: 5 | B26: 231805 | C26: 121102402 | D26: 21102401 | E26: 21 | F26: LAMINA DE CERA ALZA PROFUNDA (Láminas de cera estampada de alta calidad, garantizadas, medidas 41cm largo x 19cm Ancho) | G26: UNIDAD | J26: 260 | K26: 3300 | L26: 0 | M26: =K26*J26 -> 858000 | N26: 4300 | O26: 0 | P26: =N26*J26 -> 1118000 | Q26: 4400 | R26: 0 | S26: =Q26*J26 -> 1144000 | T26: =SUM(K26+N26+Q26)/3 -> 4000 | U26: 0 | V26: =T26*J26 -> 1040000 | AB26: =V26 -> 1040000
A27: 5 | B27: 231806 | C27: 121102402 | D27: 21102401 | E27: 22 | F27: TECHO METALICO (Techo Fabricado en madera de pino canadiense completamente forrado en aluminio) | G27: UNIDAD | J27: 30 | K27: 21000 | L27: 0 | M27: =K27*J27 -> 630000 | N27: 29000 | O27: 0 | P27: =N27*J27 -> 870000 | Q27: 32000 | R27: 0 | S27: =Q27*J27 -> 960000 | T27: =SUM(K27+N27+Q27)/3 -> 27333.333 | U27: 0 | V27: =T27*J27 -> 820000 | AB27: =V27 -> 820000
A28: 5 | B28: 231807 | C28: 121102402 | D28: 21102401 | E28: 23 | F28: PIQUERA (Fondo o piquera en madera. MEDIDAS: 56cm Largo x 41.6 Ancho x 4.5 Alto) | G28: UNIDAD | J28: 30 | K28: 20000 | L28: 0 | M28: =K28*J28 -> 600000 | N28: 27000 | O28: 0 | P28: =N28*J28 -> 810000 | Q28: 28000 | R28: 0 | S28: =Q28*J28 -> 840000 | T28: =SUM(K28+N28+Q28)/3 -> 25000 | U28: 0 | V28: =T28*J28 -> 750000 | AB28: =V28 -> 750000
A29: 5 | B29: 250978 | C29: 121102402 | D29: 21102401 | E29: 24 | F29: CAMARA DE MIEL DE ALZA MEDIANA (Fabricado en madera, medidas 50.7cm Largo x 41.6cm Ancho x 15cm Alto) | G29: UNIDAD | J29: 55 | K29: 27000 | L29: 0 | M29: =K29*J29 -> 1485000 | N29: 37000 | O29: 0 | P29: =N29*J29 -> 2035000 | Q29: 39000 | R29: 0 | S29: =Q29*J29 -> 2145000 | T29: =SUM(K29+N29+Q29)/3 -> 34333.333 | U29: 0 | V29: =T29*J29 -> 1888333.3 | AB29: =V29 -> 1888333.3
A30: 5 | B30: 231804 | C30: 121102402 | D30: 10121702 | E30: 25 | F30: PANAL ALAMBRADO ALZA MELARIA (Cuadros de media alza ojaleteados y alambrados. Medidas: 13.7cm Alto x 4cm Ancho x 48.3 Largo) | G30: UNIDAD | J30: 390 | K30: 2500 | L30: 0 | M30: =K30*J30 -> 975000 | N30: 3400 | O30: 0 | P30: =N30*J30 -> 1326000 | Q30: 3600 | R30: 0 | S30: =Q30*J30 -> 1404000 | T30: =SUM(K30+N30+Q30)/3 -> 3166.6667 | U30: 0 | V30: =T30*J30 -> 1235000 | AB30: =V30 -> 1235000
A31: 5 | B31: 231805 | C31: 121102402 | D31: 21102401 | E31: 26 | F31: LAMINA DE CERA ALZA MELARIA (Láminas de cera estampada de alta calidad, garantizadas. Medidas: MEDIDAS: 41,7 cm largo x 12 cm Ancho) | G31: UNIDAD | J31: 390 | K31: 1700 | L31: 0 | M31: =K31*J31 -> 663000 | N31: 2500 | O31: 0 | P31: =N31*J31 -> 975000 | Q31: 2700 | R31: 0 | S31: =Q31*J31 -> 1053000 | T31: =SUM(K31+N31+Q31)/3 -> 2300 | U31: 0 | V31: =T31*J31 -> 897000 | AB31: =V31 -> 897000
A32: 5 | B32: 266753 | C32: 121102402 | D32: 21102401 | E32: 27 | F32: SUBTAPA (Tapa interior fabricada en madera, medidas 57cm Largo x 48cm Ancho x 5cm Alto) | G32: UNIDAD | J32: 25 | K32: 17000 | L32: 0 | M32: =K32*J32 -> 425000 | N32: 23000 | O32: 0 | P32: =N32*J32 -> 575000 | Q32: 25000 | R32: 0 | S32: =Q32*J32 -> 625000 | T32: =SUM(K32+N32+Q32)/3 -> 21666.667 | U32: 0 | V32: =T32*J32 -> 541666.67 | AB32: =V32 -> 541666.67
A33: 5 | B33: 243883 | C33: 121102402 | D33: 21102401 | E33: 28 | F33: REJILLA EXCLUIDORA (Excluidor de reina. En madera o en plastico. Medidas: 50.7cm Largo x 41.6cm Ancho x 2cm Alto) | G33: UNIDAD | J33: 25 | K33: 23000 | L33: 0 | M33: =K33*J33 -> 575000 | N33: 31000 | O33: 0 | P33: =N33*J33 -> 775000 | Q33: 33000 | R33: 0 | S33: =Q33*J33 -> 825000 | T33: =SUM(K33+N33+Q33)/3 -> 29000 | U33: 0 | V33: =T33*J33 -> 725000 | AB33: =V33 -> 725000
A34: 5 | B34: 231951 | C34: 121102402 | D34: 21102401 | E34: 29 | F34: ALIMENTADOR (Elaborado en acrílico, Con capacidad de 3 litros, interior se utilice flotadores o malla, con soportes en aluminio, color: Blanco y alta durabilidad) | G34: UNIDAD | J34: 25 | K34: 32000 | L34: 0 | M34: =K34*J34 -> 800000 | N34: 42000 | O34: 0 | P34: =N34*J34 -> 1050000 | Q34: 44000 | R34: 0 | S34: =Q34*J34 -> 1100000 | T34: =SUM(K34+N34+Q34)/3 -> 39333.333 | U34: 0 | V34: =T34*J34 -> 983333.33 | AB34: =V34 -> 983333.33
... A38: 5 | B38: 231809 | C38: 121102402 | D38: 21102401 | E38: 33 | F38: OVEROL APICOLA (Overol enterizo en dril sencillo No 6 100% algodón; manga larga con elásticos en puños y tobillos, cremallera de doble cierre con 2 deslizadores en la parte frontal, con 2 bolsillos en la camisa, 6 bolsillos en el pantalón; resorte en la cintura. Careta en dril No 6 parte de atrás y el frontal con malla plástica incorporada al overol con cremalleras. Color: Blanco, beige, caqui, gris Talla: 40, 42, 44 y 46) | G38: UNIDAD | J38: 25 | K38: 170000 | L38: 0 | M38: =K38*J38 -> 4250000 | N38: 185000 | O38: 0 | P38: =N38*J38 -> 4625000 | Q38: 195000 | R38: 0 | S38: =Q38*J38 -> 4875000 | T38: =SUM(K38+N38+Q38)/3 -> 183333.33 | U38: 0 | V38: =T38*J38 -> 4583333.3 | AB38: =V38 -> 4583333.3
A39: 5 | B39: 150121552 | C39: 240689 | D39: 10101703 | E39: 34 | F39: Alevinos de Tilapia Roja x 3.0 cm | G39: Unidad | J39: 22000 | K39: 0 | L39: 0 | M39: =K39*J39 -> 0 | N39: 310 | O39: 0 | P39: =N39*J39 -> 6820000 | Q39: 305 | R39: 0 | S39: =Q39*J39 -> 6710000 | T39: 350 | U39: 0 | V39: =T39*J39 -> 7700000 | W39: =SUM(K39+N39+Q39+T39)/3 -> 321.66667 | X39: 0 | Y39: =W39*J39 -> 7076666.7 | AB39: =Y39 -> 7076666.7
A40: 5 | B40: 110101729 | C40: 261494 | D40: 10101702 | E40: 35 | F40: Alevinos Americanos de Trucha Arco-Iris x 3.5 cm | G40: Unidad | J40: 22000 | K40: 0 | L40: 0 | M40: =K40*J40 -> 0 | N40: 510 | O40: 0 | P40: =N40*J40 -> 11220000 | Q40: 510 | R40: 0 | S40: =Q40*J40 -> 11220000 | T40: 520 | U40: 0 | V40: =T40*J40 -> 11440000 | W40: =SUM(K40+N40+Q40+T40)/3 -> 513.33333 | X40: 0 | Y40: =W40*J40 -> 11293333 | AB40: =Y40 -> 11293333
A41: 5 | B41: 110121510 | C41: 233329 | D41: 121702 | E41: 36 | F41: Concentrado Comercial para mojarra inicio x 40 kg con nivel de Proteina de 45% en pellets extruidos de 1.5 mm | G41: Bulto | J41: 15 | K41: 230415 | L41: 0.05 | M41: =K41*J41 -> 3456225 | N41: 227450 | O41: 0.05 | P41: =N41*J41 -> 3411750 | Q41: 0 | R41: 0.05 | S41: =Q41*J41 -> 0 | T41: 235500 | U41: 0.05 | V41: =T41*J41 -> 3532500 | W41: =SUM(K41+N41+Q41+T41)/3 -> 231121.67 | X41: 0.05 | Y41: =W41*J41 -> 3466825 | AB41: =Y41 -> 3466825
A42: 5 | B42: 110121510 | C42: 270868 | D42: 10127702 | E42: 37 | F42: Concentrado Comercial para trucha levante x 20 kg con nivel de Proteina de 50% en pellets extruidos de 1.5 mm | G42: Bulto | J42: 15 | K42: 218831 | L42: 0.05 | M42: =K42*J42 -> 3282465 | N42: 198000 | O42: 0.05 | P42: =N42*J42 -> 2970000 | Q42: 0 | R42: 0.05 | S42: =Q42*J42 -> 0 | T42: 192000 | U42: 0.05 | V42: =T42*J42 -> 2880000 | W42: =SUM(K42+N42+Q42+T42)/3 -> 202943.67 | X42: 0.05 | Y42: =W42*J42 -> 3044155 | AB42: =Y42 -> 3044155
A43: TOTAL | AB43: =SUM(AB6:AB42) -> 68310690
A45: Lote 2 Agricola SER | E45: Lote 2 Agricola SER
A46: TIPO | B46: CODIGO DEL BIEN | C46: CODIGO ELEMENTO | D46: CODIGO UNSPSC | E46: ITEM | F46: DESCRIPCION DEL ELEMENTO | G46: UNIDAD DE MEDIDA | J46: CANTIDAD SOLICITADA | K46: DINAMIX S.A | N46: FEDERACIÓN NACIONAL DE CAFETEROS DE COLOMBIA QUINDIO | Q46: ABONAMOS | T46: COLANTA | W46: TIERRAGRO | Z46: BODEGA CAMPESINA | AC46: PROMEDIO
K47: VALOR UNITARIO | L47: % IVA | M47: VALOR TOTAL | N47: VALOR UNITARIO | O47: % IVA | P47: VALOR TOTAL | Q47: VALOR UNITARIO | R47: % IVA | S47: VALOR TOTAL | T47: VALOR UNITARIO | U47: % IVA | V47: VALOR TOTAL | W47: VALOR UNITARIO | X47: % IVA | Y47: VALOR TOTAL | Z47: VALOR UNITARIO | AA47: % IVA | AB47: VALOR TOTAL | AC47: VALOR UNITARIO | AD47: % IVA | AE47: VALOR TOTAL
A48: 5 | B48: 110151509 | C48: 244622 | D48: 10151502 | E48: 1 | F48: CLASE SEMILLA ZANAHORIA | G48: SOBRE X 20GR | J48: 200 | K48: 4200 | L48: 0 | M48: =K48*J48 -> 840000 | N48: 4550 | O48: 0 | P48: =J48*N48 -> 910000 | Q48: 0 | R48: 0 | S48: =J48*Q48 -> 0 | T48: 0 | U48: 0 | V48: =J48*T48 -> 0 | W48: 6400 | X48: 0 | Y48: =J48*W48 -> 1280000 | Z48: 3000 | AA48: 0 | AB48: =J48*Z48 -> 600000 | AC48: =SUM(K48+N48+Q48+T48+W48+Z48)/4 -> 4537.5 | AD48: 0 | AE48: =AC48*J48 -> 907500
A49: 5 | B49: 110151509 | C49: 239486 | D49: 10151805 | E49: 2 | F49: CLASE SEMILLA CILANTRO | G49: SOBRE X 20GR | J49: 200 | K49: 2700 | L49: 0 | M49: =K49*J49 -> 540000 | N49: 2250 | O49: 0 | P49: =J49*N49 -> 450000 | Q49: 0 | R49: 0 | S49: =J49*Q49 -> 0 | T49: 0 | U49: 0 | V49: =J49*T49 -> 0 | W49: 4000 | X49: 0 | Y49: =J49*W49 -> 800000 | Z49: 1300 | AA49: 0 | AB49: =J49*Z49 -> 260000 | AC49: =SUM(K49+N49+Q49+T49+W49+Z49)/4 -> 2562.5 | AD49: 0 | AE49: =AC49*J49 -> 512500
A50: 5 | B50: 110151509 | C50: 234188 | D50: 10151500 | E50: 3 | F50: CLASE SEMILLA AJI PIMENTON | G50: SOBRE X 20GR | J50: 200 | K50: 9800 | L50: 0 | M50: =K50*J50 -> 1960000 | N50: 11950 | O50: 0 | P50: =J50*N50 -> 2390000 | Q50: 0 | R50: 0 | S50: =J50*Q50 -> 0 | T50: 0 | U50: 0 | V50: =J50*T50 -> 0 | W50: 3800 | X50: 0 | Y50: =J50*W50 -> 760000 | Z50: 8300 | AA50: 0 | AB50: =J50*Z50 -> 1660000 | AC50: =SUM(K50+N50+Q50+T50+W50+Z50)/4 -> 8462.5 | AD50: 0 | AE50: =AC50*J50 -> 1692500
A51: 5 | B51: 110151509 | C51: 233222 | D51: 10151515 | E51: 4 | F51: CLASE SEMILLA CEBOLLA BULBO | G51: SOBRE X 20GR | J51: 200 | K51: 9800 | L51: 0 | M51: =K51*J51 -> 1960000 | N51: 0 | O51: 0 | P51: =J51*N51 -> 0 | Q51: 0 | R51: 0 | S51: =J51*Q51 -> 0 | T51: 0 | U51: 0 | V51: =J51*T51 -> 0 | W51: 2000 | X51: 0 | Y51: =J51*W51 -> 400000 | Z51: 6300 | AA51: 0 | AB51: =J51*Z51 -> 1260000 | AC51: =SUM(K51+N51+Q51+T51+W51+Z51)/3 -> 6033.3333 | AD51: 0 | AE51: =AC51*J51 -> 1206666.7
A52: 5 | B52: 110151509 | C52: 233344 | D52: 10151512 | E52: 5 | F52: CLASE SEMILLA LECHUGA CRESPA | G52: SOBRE X 20GR | J52: 200 | K52: 5900 | L52: 0 | M52: =K52*J52 -> 1180000 | N52: 0 | O52: 0 | P52: =J52*N52 -> 0 | Q52: 0 | R52: 0 | S52: =J52*Q52 -> 0 | T52: 0 | U52: 0 | V52: =J52*T52 -> 0 | W52: 3000 | X52: 0 | Y52: =J52*W52 -> 600000 | Z52: 2400 | AA52: 0 | AB52: =J52*Z52 -> 480000 | AC52: =SUM(K52+N52+Q52+T52+W52+Z52)/3 -> 3766.6667 | AD52: 0 | AE52: =AC52*J52 -> 753333.33
A53: 5 | B53: 110151509 | C53: 283232 | D53: 10151808 | E53: 6 | F53: CLASE SEMILLA TOMILLO | G53: SOBRE X 5 GR | J53: 200 | K53: 16800 | L53: 0 | M53: =K53*J53 -> 3360000 | N53: 3100 | O53: 0 | P53: =J53*N53 -> 620000 | Q53: 0 | R53: 0 | S53: =J53*Q53 -> 0 | T53: 0 | U53: 0 | V53: =J53*T53 -> 0 | X53: 0 | Y53: =J53*W53 -> 0 | Z53: 17700 | AA53: 0 | AB53: =J53*Z53 -> 3540000 | AC53: =SUM(K53+N53+Q53+T53+W53+Z53)/3 -> 12533.333 | AD53: 0 | AE53: =AC53*J53 -> 2506666.7
A54: 5 | B54: 110151509 | C54: 239497 | D54: 10151507 | E54: 7 | F54: CLASE SEMILLA AROMATICAS | G54: SOBRE X 1GR | J54: 200 | K54: 12300 | L54: 0 | M54: =K54*J54 -> 2460000 | N54: 3100 | O54: 0 | P54: =J54*N54 -> 620000 | Q54: 0 | R54: 0 | S54: =J54*Q54 -> 0 | T54: 0 | U54: 0 | V54: =J54*T54 -> 0 | X54: 0 | Y54: =J54*W54 -> 0 | Z54: 1700 | AA54: 0 | AB54: =J54*Z54 -> 340000 | AC54: =SUM(K54+N54+Q54+T54+W54+Z54)/3 -> 5700 | AD54: 0 | AE54: =AC54*J54 -> 1140000
A55: 5 | B55: 110151509 | C55: 240738 | D55: 10151513 | E55: 8 | F55: CLASE SEMILLA MAIZ VAR.305 AMARILLO | G55: BOLSA X KILO | J55: 100 | K55: 11900 | L55: 0 | M55: =K55*J55 -> 1190000 | N55: 6300 | O55: 0 | P55: =J55*N55 -> 630000 | Q55: 0 | R55: 0 | S55: =J55*Q55 -> 0 | T55: 0 | U55: 0 | V55: =J55*T55 -> 0 | W55: 10400 | X55: 0 | Y55: =J55*W55 -> 1040000 | Z55: 9000 | AA55: 0 | AB55: =J55*Z55 -> 900000 | AC55: =SUM(K55+N55+Q55+T55+W55+Z55)/4 -> 9400 | AD55: 0 | AE55: =AC55*J55 -> 940000
A56: 5 | B56: 110151509 | C56: 244615 | D56: 10151501 | E56: 9 | F56: CLASE SEMILLA FRIJOL VAR.CALIMA | G56: BOLSA X KILO | J56: 100 | K56: 16500 | L56: 0 | M56: =K56*J56 -> 1650000 | N56: 16400 | O56: 0 | P56: =J56*N56 -> 1640000 | Q56: 0 | R56: 0 | S56: =J56*Q56 -> 0 | T56: 0 | U56: 0 | V56: =J56*T56 -> 0 | W56: 16900 | X56: 0 | Y56: =J56*W56 -> 1690000 | Z56: 14200 | AA56: 0 | AB56: =J56*Z56 -> 1420000 | AC56: =SUM(K56+N56+Q56+T56+W56+Z56)/4 -> 16000 | AD56: 0 | AE56: =AC56*J56 -> 1600000
A57: 5 | B57: 110151509 | C57: 233229 | D57: 10151523 | E57: 10 | F57: CLASE SEMILLA COLIFLOR | G57: SOBRE X 20GR | J57: 200 | K57: 6400 | L57: 0 | M57: =K57*J57 -> 1280000 | N57: 1550 | O57: 0 | P57: =J57*N57 -> 310000 | Q57: 0 | R57: 0 | S57: =J57*Q57 -> 0 | T57: 0 | U57: 0 | V57: =J57*T57 -> 0 | W57: 7600 | X57: 0 | Y57: =J57*W57 -> 1520000 | Z57: 4200 | AA57: 0 | AB57: =J57*Z57 -> 840000 | AC57: =SUM(K57+N57+Q57+T57+W57+Z57)/4 -> 4937.5 | AD57: 0 | AE57: =AC57*J57 -> 987500
A58: 5 | B58: 110151509 | C58: 233257 | D58: 10151526 | E58: 11 | F58: CLASE SEMILLA REPOLLO | G58: SOBRE X 50 GR | J58: 200 | K58: 17890 | L58: 0 | M58: =K58*J58 -> 3578000 | N58: 4500 | O58: 0 | P58: =J58*N58 -> 900000 | Q58: 0 | R58: 0 | S58: =J58*Q58 -> 0 | T58: 0 | U58: 0 | V58: =J58*T58 -> 0 | W58: 7600 | X58: 0 | Y58: =J58*W58 -> 1520000 | Z58: 2400 | AA58: 0 | AB58: =J58*Z58 -> 480000 | AC58: =SUM(K58+N58+Q58+T58+W58+Z58)/4 -> 8097.5 | AD58: 0 | AE58: =AC58*J58 -> 1619500
A59: 5 | B59: 110171607 | C59: 233323 | D59: 10171801 | E59: 12 | F59: CLASE NOMBRE MICORRIZA | G59: BULTO X 50 KG | J59: 250 | K59: 83200 | L59: 0 | M59: =K59*J59 -> 20800000 | N59: 38300 | O59: 0 | P59: =J59*N59 -> 9575000 | Q59: 55600 | R59: 0 | S59: =J59*Q59 -> 13900000 | T59: 0 | U59: 0 | V59: =J59*T59 -> 0 | W59: 72700 | X59: 0 | Y59: =J59*W59 -> 18175000 | Z59: 61000 | AA59: 0 | AB59: =J59*Z59 -> 15250000 | AC59: =SUM(K59+N59+Q59+T59+W59+Z59)/5 -> 62160 | AD59: 0 | AE59: =AC59*J59 -> 15540000
A60: 5 | B60: 110171607 | C60: 281976 | D60: 10171608 | E60: 13 | F60: CAL TRIPLE 30 Presentación BULTO X 50 KG | G60: BULTO X 50 KG | J60: 90 | K60: 41500 | L60: 0 | M60: =K60*J60 -> 3735000 | N60: 0 | O60: 0 | P60: =J60*N60 -> 0 | Q60: 30300 | R60: 0 | S60: =J60*Q60 -> 2727000 | T60: 0 | U60: 0 | V60: =J60*T60 -> 0 | X60: 0 | Y60: =J60*W60 -> 0 | Z60: 25000 | AA60: 0 | AB60: =J60*Z60 -> 2250000 | AC60: =SUM(K60+N60+Q60+T60+W60+Z60)/3 -> 32266.667 | AD60: 0 | AE60: =AC60*J60 -> 2904000
A61: 5 | B61: 110171607 | C61: 281976 | D61: 10171608 | E61: 14 | F61: CAL DOLOMITA | G61: BULTO X 50 KG | J61: 130 | L61: 0 | M61: =K61*J61 -> 0 | N61: 0 | O61: 0 | P61: =J61*N61 -> 0 | Q61: 13900 | R61: 0 | S61: =J61*Q61 -> 1807000 | T61: 12850 | U61: 0 | V61: =J61*T61 -> 1670500 | W61: 17000 | X61: 0 | Y61: =J61*W61 -> 2210000 | Z61: 10500 | AA61: 0 | AB61: =J61*Z61 -> 1365000 | AC61: =SUM(K61+N61+Q61+T61+W61+Z61)/4 -> 13562.5 | AD61: 0 | AE61: =AC61*J61 -> 1763125
A62: 5 | B62: 110171607 | C62: 233318 | D62: 10171608 | E62: 15 | F62: CLASE NOMBRE DAP | G62: BULTO X 50 KG | J62: 70 | K62: 265712 | L62: 0 | M62: =K62*J62 -> 18599840 | N62: 190550 | O62: 0 | P62: =J62*N62 -> 13338500 | Q62: 0 | R62: 0 | S62: =J62*Q62 -> 0 | T62: 0 | U62: 0 | V62: =J62*T62 -> 0 | W62: 217100 | X62: 0 | Y62: =J62*W62 -> 15197000 | Z62: 190000 | AA62: 0 | AB62: =J62*Z62 -> 13300000 | AC62: =SUM(K62+N62+Q62+T62+W62+Z62)/4 -> 215840.5 | AD62: 0 | AE62: =AC62*J62 -> 15108835
A63: 5 | B63: 110171703 | C63: 244544 | D63: 10171608 | E63: 16 | F63: FERTILIZANTE 10-20-20 Presentación BULTO X 50 KG | G63: BULTO X 50 KG | J63: 30 | K63: 253000 | L63: 0 | M63: =K63*J63 -> 7590000 | N63: 0 | O63: 0 | P63: =J63*N63 -> 0 | Q63: 174300 | R63: 0 | S63: =J63*Q63 -> 5229000 | T63: 0 | U63: 0 | V63: =J63*T63 -> 0 | W63: 211500 | X63: 0 | Y63: =J63*W63 -> 6345000 | Z63: 172000 | AA63: 0 | AB63: =J63*Z63 -> 5160000 | AC63: =SUM(K63+N63+Q63+T63+W63+Z63)/4 -> 202700 | AD63: 0 | AE63: =AC63*J63 -> 6081000
A64: 5 | B64: 110171703 | C64: 244544 | D64: 10171608 | E64: 17 | F64: FERTILIZANTE 17-6-18-2 Presentación BULTO X 50 KG | G64: BULTO X 50 KG | J64: 20 | K64: 245000 | L64: 0 | M64: =K64*J64 -> 4900000 | N64: 0 | O64: 0 | P64: =J64*N64 -> 0 | Q64: 172800 | R64: 0 | S64: =J64*Q64 -> 3456000 | T64: 175750 | U64: 0 | V64: =J64*T64 -> 3515000 | W64: 192100 | X64: 0 | Y64: =J64*W64 -> 3842000 | Z64: 175000 | AA64: 0 | AB64: =J64*Z64 -> 3500000 | AC64: =SUM(K64+N64+Q64+T64+W64+Z64)/5 -> 192130 | AD64: 0 | AE64: =AC64*J64 -> 3842600
A65: 5 | B65: 110171607 | C65: 271314 | D65: 10171608 | E65: 18 | F65: AGRIMIN | G65: BULTO X 46 KG | J65: 20 | K65: 154000 | L65: 0 | M65: =K65*J65 -> 3080000 | N65: 0 | O65: 0 | P65: =J65*N65 -> 0 | Q65: 0 | R65: 0 | S65: =J65*Q65 -> 0 | T65: 0 | U65: 0 | V65: =J65*T65 -> 0 | W65: 0 | X65: 0 | Y65: =J65*W65 -> 0 | Z65: 120000 | AA65: 0 | AB65: =J65*Z65 -> 2400000 | AC65: =SUM(K65+N65+Q65+T65+W65+Z65)/2 -> 137000 | AD65: 0 | AE65: =AC65*J65 -> 2740000
A66: 5 | B66: 110171607 | C66: 244364 | D66: 10171600 | E66: 19 | F66: ABONOS QUIMICOS Y NUTRIENTES PARA PLANTAS - YARA TERA CALCINIT | G66: BULTO X 25 KG | J66: 10 | K66: 103000 | L66: 0 | M66: =K66*J66 -> 1030000 | N66: 0 | O66: 0 | P66: =J66*N66 -> 0 | Q66: 0 | R66: 0 | S66: =J66*Q66 -> 0 | T66: 0 | U66: 0 | V66: =J66*T66 -> 0 | W66: 0 | X66: 0 | Y66: =J66*W66 -> 0 | Z66: 75000 | AA66: 0 | AB66: =J66*Z66 -> 750000 | AC66: =SUM(K66+N66+Q66+T66+W66+Z66)/2 -> 89000 | AD66: 0 | AE66: =AC66*J66 -> 890000
A67: 5 | B67: 110171607 | C67: 244364 | D67: 10171600 | E67: 20 | F67: ABONOS QUIMICOS Y NUTRIENTES PARA PLANTAS - SOLUFOS 44 | G67: BULTO X 25 KG | J67: 10 | K67: 230000 | L67: 0 | M67: =K67*J67 -> 2300000 | N67: 0 | O67: 0 | P67: =J67*N67 -> 0 | Q67: 0 | R67: 0 | S67: =J67*Q67 -> 0 | T67: 59575 | U67: 0 | V67: =J67*T67 -> 595750 | W67: 0 | X67: 0 | Y67: =J67*W67 -> 0 | Z67: 165000 | AA67: 0 | AB67: =J67*Z67 -> 1650000 | AC67: =SUM(K67+N67+Q67+T67+W67+Z67)/3 -> 151525 | AD67: 0 | AE67: =AC67*J67 -> 1515250
A68: 5 | B68: 110171607 | C68: 244364 | D68: 10171600 | E68: 21 | F68: ABONOS QUIMICOS Y NUTRIENTES PARA PLANTAS - SULMAG | G68: BULTO X 50 KG | J68: 15 | K68: 83200 | L68: 0 | M68: =K68*J68 -> 1248000 | N68: 0 | O68: 0 | P68: =J68*N68 -> 0 | Q68: 0 | R68: 0 | S68: =J68*Q68 -> 0 | T68: 41095 | U68: 0 | V68: =J68*T68 -> 616425 | W68: 0 | X68: 0 | Y68: =J68*W68 -> 0 | Z68: 49000 | AA68: 0 | AB68: =J68*Z68 -> 735000 | AC68: =SUM(K68+N68+Q68+T68+W68+Z68)/3 -> 57765 | AD68: 0 | AE68: =AC68*J68 -> 866475
A69: 5 | B69: 110171607 | C69: 244364 | D69: 10171600 | E69: 22 | F69: ABONOS QUIMICOS Y NUTRIENTES PARA PLANTAS - FOSFATO MONOPOTASICO | G69: BULTO X 25 KG | J69: 15 | K69: 423000 | L69: 0 | M69: =K69*J69 -> 6345000 | N69: 0 | O69: 0 | P69: =J69*N69 -> 0 | Q69: 0 | R69: 0 | S69: =J69*Q69 -> 0 | T69: 0 | U69: 0 | V69: =J69*T69 -> 0 | W69: 0 | X69: 0 | Y69: =J69*W69 -> 0 | Z69: 310000 | AA69: 0 | AB69: =J69*Z69 -> 4650000 | AC69: =SUM(K69+N69+Q69+T69+W69+Z69)/2 -> 366500 | AD69: 0 | AE69: =AC69*J69 -> 5497500
A70: 5 | B70: 110171607 | C70: 244364 | D70: 10171600 | E70: 23 | F70: ABONOS QUIMICOS Y NUTRIENTES PARA PLANTAS - SULFATO DE POTASIO | G70: BULTO X 40 KG | J70: 15 | K70: 395000 | L70: 0 | M70: =K70*J70 -> 5925000 | N70: 0 | O70: 0 | P70: =J70*N70 -> 0 | Q70: 0 | R70: 0 | S70: =J70*Q70 -> 0 | T70: 0 | U70: 0 | V70: =J70*T70 -> 0 | W70: 0 | X70: 0 | Y70: =J70*W70 -> 0 | Z70: 278000 | AA70: 0 | AB70: =J70*Z70 -> 4170000 | AC70: =SUM(K70+N70+Q70+T70+W70+Z70)/2 -> 336500 | AD70: 0 | AE70: =AC70*J70 -> 5047500
A71: 5 | B71: 110171607 | C71: 244364 | D71: 10171600 | E71: 24 | F71: ABONOS QUIMICOS Y NUTRIENTES PARA PLANTAS - NITRAX | G71: BULTO X 25 KG | J71: 15 | K71: 269000 | L71: 0 | M71: =K71*J71 -> 4035000 | N71: 0 | O71: 0 | P71: =J71*N71 -> 0 | Q71: 0 | R71: 0 | S71: =J71*Q71 -> 0 | T71: 0 | U71: 0 | V71: =J71*T71 -> 0 | W71: 0 | X71: 0 | Y71: =J71*W71 -> 0 | Z71: 95000 | AA71: 0 | AB71: =J71*Z71 -> 1425000 | AC71: =SUM(K71+N71+Q71+T71+W71+Z71)/2 -> 182000 | AD71: 0 | AE71: =AC71*J71 -> 2730000
A72: 5 | B72: 110171607 | C72: 241044 | D72: 10171608 | E72: 25 | F72: CLASE N.A. NOMBRE ABOTECK GRADO 15-4-23-4 | G72: BULTO X 50 KG | J72: 30 | K72: 269000 | L72: 0 | M72: =K72*J72 -> 8070000 | N72: 0 | O72: 0 | P72: =J72*N72 -> 0 | Q72: 0 | R72: 0 | S72: =J72*Q72 -> 0 | T72: 0 | U72: 0 | V72: =J72*T72 -> 0 | W72: 0 | X72: 0 | Y72: =J72*W72 -> 0 | Z72: 179000 | AA72: 0 | AB72: =J72*Z72 -> 5370000 | AC72: =SUM(K72+N72+Q72+T72+W72+Z72)/2 -> 224000 | AD72: 0 | AE72: =AC72*J72 -> 6720000
A73: 5 | B73: 110171607 | C73: 270898 | D73: 10171601 | E73: 26 | F73: CLASE NOMBRE SULFATO DE AMONIO | G73: BULTO X 50 KG | J73: 10 | K73: 187000 | L73: 0 | M73: =K73*J73 -> 1870000 | N73: 0 | O73: 0 | P73: =J73*N73 -> 0 | Q73: 0 | R73: 0 | S73: =J73*Q73 -> 0 | T73: 0 | U73: 0 | V73: =J73*T73 -> 0 | W73: 139400 | X73: 0 | Y73: =J73*W73 -> 1394000 | Z73: 140000 | AA73: 0 | AB73: =J73*Z73 -> 1400000 | AC73: =SUM(K73+N73+Q73+T73+W73+Z73)/3 -> 155466.67 | AD73: 0 | AE73: =AC73*J73 -> 1554666.7
A74: 5 | B74: 11071607 | C74: 270897 | D74: 1321015 | E74: 27 | F74: CLASE NOMBRE 25-4-24 | G74: BULTO X 50 KG | J74: 90 | K74: 276000 | L74: 0 | M74: =K74*J74 -> 24840000 | N74: 189700 | O74: 0 | P74: =J74*N74 -> 17073000 | Q74: 0 | R74: 0 | S74: =J74*Q74 -> 0 | T74: 0 | U74: 0 | V74: =J74*T74 -> 0 | W74: 216100 | X74: 0 | Y74: =J74*W74 -> 19449000 | Z74: 198000 | AA74: 0 | AB74: =J74*Z74 -> 17820000 | AC74: =SUM(K74+N74+Q74+T74+W74+Z74)/4 -> 219950 | AD74: 0 | AE74: =AC74*J74 -> 19795500
A75: 5 | B75: 110171607 | C75: 242557 | D75: 10171608 | E75: 28 | F75: FERTILIZANTE 10-30-10 | G75: BULTO X 50 KG | J75: 15 | K75: 264000 | L75: 0 | M75: =K75*J75 -> 3960000 | N75: 0 | O75: 0 | P75: =J75*N75 -> 0 | Q75: 166300 | R75: 0 | S75: =J75*Q75 -> 2494500 | T75: 0 | U75: 0 | V75: =J75*T75 -> 0 | W75: 214900 | X75: 0 | Y75: =J75*W75 -> 3223500 | Z75: 190000 | AA75: 0 | AB75: =J75*Z75 -> 2850000 | AC75: =SUM(K75+N75+Q75+T75+W75+Z75)/4 -> 208800 | AD75: 0 | AE75: =AC75*J75 -> 3132000
A76: 5 | B76: 110171607 | C76: 234159 | D76: 10171608 | E76: 29 | F76: CLASE N.A. NOMBRE FERTILIZANTE FOLIAR TOTTAL | G76: LITRO | J76: 30 | K76: 26228 | L76: 0 | M76: =K76*J76 -> 786840 | N76: 0 | O76: 0 | P76: =J76*N76 -> 0 | Q76: 0 | R76: 0 | S76: =J76*Q76 -> 0 | T76: 0 | U76: 0 | V76: =J76*T76 -> 0 | W76: 0 | X76: 0 | Y76: =J76*W76 -> 0 | Z76: 21000 | AA76: 0 | AB76: =J76*Z76 -> 630000 | AC76: =SUM(K76+N76+Q76+T76+W76+Z76)/2 -> 23614 | AD76: 0 | AE76: =AC76*J76 -> 708420
A77: 5 | B77: 110171607 | C77: 240116 | D77: 10171608 | E77: 30 | F77: CLASE COSMO R MENORES FOLIAR (TOTTAL) | G77: BOLSA X KILO | J77: 30 | K77: 10680 | L77: 0 | M77: =K77*J77 -> 320400 | N77: 0 | O77: 0 | P77: =J77*N77 -> 0 | Q77: 0 | R77: 0 | S77: =J77*Q77 -> 0 | T77: 0 | U77: 0 | V77: =J77*T77 -> 0 | W77: 0 | X77: 0 | Y77: =J77*W77 -> 0 | Z77: 8600 | AA77: 0 | AB77: =J77*Z77 -> 258000 | AC77: =SUM(K77+N77+Q77+T77+W77+Z77)/2 -> 9640 | AD77: 0 | AE77: =AC77*J77 -> 289200
A78: 5 | B78: 110171607 | C78: 274200 | D78: 11101527 | E78: 31 | F78: TIERRAS DE DIATOMEAS | G78: BOLSA X KILO | J78: 700 | K78: 10400 | L78: 0 | M78: =K78*J78 -> 7280000 | N78: 0 | O78: 0 | P78: =J78*N78 -> 0 | Q78: 0 | R78: 0 | S78: =J78*Q78 -> 0 | T78: 0 | U78: 0 | V78: =J78*T78 -> 0 | W78: 0 | X78: 0 | Y78: =J78*W78 -> 0 | Z78: 13000 | AA78: 0 | AB78: =J78*Z78 -> 9100000 | AC78: =SUM(K78+N78+Q78+T78+W78+Z78)/2 -> 11700 | AD78: 0 | AE78: =AC78*J78 -> 8190000
A79: 5 | B79: 110171607 | C79: 230941 | D79: 10191509 | E79: 32 | F79: Tropimezcla WP (Metarhizium anisopliae, Paecilomyces lilacinus, Beauveria bassiana, Trichoderma (especies harzianum y koningii) y Saccharomyces) marca INVESA | G79: BOLSA X KILO | J79: 150 | K79: 129000 | L79: 0 | M79: =K79*J79 -> 19350000 | N79: 92400 | O79: 0 | P79: =J79*N79 -> 13860000 | Q79: 0 | R79: 0 | S79: =J79*Q79 -> 0 | T79: 0 | U79: 0 | V79: =J79*T79 -> 0 | W79: 0 | X79: 0 | Y79: =J79*W79 -> 0 | Z79: 106500 | AA79: 0 | AB79: =J79*Z79 -> 15975000 | AC79: =SUM(K79+N79+Q79+T79+W79+Z79)/3 -> 109300 | AD79: 0 | AE79: =AC79*J79 -> 16395000
A80: 5 | B80: 110171703 | C80: 234175 | D80: 51211624 | E80: 33 | F80: SULFATO DE COBRE | G80: SOBRE X LIBRA | J80: 80 | K80: 15600 | L80: 0 | M80: =K80*J80 -> 1248000 | N80: 24100 | O80: 0 | P80: =J80*N80 -> 1928000 | Q80: 0 | R80: 0 | S80: =J80*Q80 -> 0 | T80: 11780 | U80: 0 | V80: =J80*T80 -> 942400 | W80: 0 | X80: 0 | Y80: =J80*W80 -> 0 | Z80: 17800 | AA80: 0 | AB80: =J80*Z80 -> 1424000 | AC80: =SUM(K80+N80+Q80+T80+W80+Z80)/4 -> 17320 | AD80: 0 | AE80: =AC80*J80 -> 1385600
A81: 5 | B81: 110171607 | C81: 233280 | D81: 10191509 | E81: 34 | F81: TRICHOTROPICO WP Producto biológico a base del hongo Trichoderma y que cuenta con dos especies T. harzianum y T. koningii marca INVESA | G81: BOLSA X KILO | J81: 80 | K81: 119000 | L81: 0 | M81: =K81*J81 -> 9520000 | N81: 0 | O81: 0 | P81: =J81*N81 -> 0 | Q81: 81300 | R81: 0 | S81: =J81*Q81 -> 6504000 | T81: 0 | U81: 0 | V81: =J81*T81 -> 0 | W81: 0 | X81: 0 | Y81: =J81*W81 -> 0 | Z81: 0 | AA81: 0 | AB81: =J81*Z81 -> 0 | AC81: =SUM(K81+N81+Q81+T81+W81+Z81)/2 -> 100150 | AD81: 0 | AE81: =AC81*J81 -> 8012000
A82: 5 | B82: 110171607 | C82: 284153 | D82: 10171608 | E82: 35 | F82: BIOCONTROLADOR TRICHOGRAMMA Presentación PULGADA CUADRADA | G82: PULGADA CUADRADA | J82: 16000 | K82: 700 | L82: 0 | M82: =K82*J82 -> 11200000 | N82: 0 | O82: 0 | P82: =J82*N82 -> 0 | Q82: 350 | R82: 0 | S82: =J82*Q82 -> 5600000 | T82: 0 | U82: 0 | V82: =J82*T82 -> 0 | W82: 0 | X82: 0 | Y82: =J82*W82 -> 0 | Z82: 0 | AA82: 0 | AB82: =J82*Z82 -> 0 | AC82: =SUM(K82+N82+Q82+T82+W82+Z82)/2 -> 525 | AD82: 0 | AE82: =AC82*J82 -> 8400000
A83: 5 | B83: 110171703 | C83: 241603 | D83: 10171702 | E83: 36 | F83: MANCOZEB | G83: BOLSA KG | J83: 10 | K83: 23400 | L83: 0 | M83: =K83*J83 -> 234000 | N83: 0 | O83: 0 | P83: =J83*N83 -> 0 | Q83: 0 | R83: 0 | S83: =J83*Q83 -> 0 | T83: 17892 | U83: 0 | V83: =J83*T83 -> 178920 | W83: 0 | X83: 0 | Y83: =J83*W83 -> 0 | Z83: 19000 | AA83: 0 | AB83: =J83*Z83 -> 190000 | AC83: =SUM(K83+N83+Q83+T83+W83+Z83)/3 -> 20097.333 | AD83: 0 | AE83: =AC83*J83 -> 200973.33
A84: 5 | B84: 110171703 | C84: 238522 | D84: 10171702 | E84: 37 | F84: PROPICONAZOL : 250 s/ LITRO | G84: LITRO | J84: 10 | K84: 78000 | L84: 0 | M84: =K84*J84 -> 780000 | N84: 0 | O84: 0 | P84: =J84*N84 -> 0 | Q84: 0 | R84: 0 | S84: =J84*Q84 -> 0 | T84: 0 | U84: 0 | V84: =J84*T84 -> 0 | W84: 0 | X84: 0 | Y84: =J84*W84 -> 0 | Z84: 55000 | AA84: 0 | AB84: =J84*Z84 -> 550000 | AC84: =SUM(K84+N84+Q84+T84+W84+Z84)/2 -> 66500 | AD84: 0 | AE84: =AC84*J84 -> 665000
A85: 5 | B85: 110171703 | C85: 230942 | D85: 10171702 | E85: 38 | F85: Benomil 50 WP Presentación BOLSA POR KILO | G85: BOLSA X KILO | J85: 10 | K85: 79000 | L85: 0 | M85: =K85*J85 -> 790000 | N85: 0 | O85: 0 | P85: =J85*N85 -> 0 | Q85: 0 | R85: 0 | S85: =J85*Q85 -> 0 | T85: 0 | U85: 0 | V85: =J85*T85 -> 0 | W85: 0 | X85: 0 | Y85: =J85*W85 -> 0 | Z85: 49500 | AA85: 0 | AB85: =J85*Z85 -> 495000 | AC85: =SUM(K85+N85+Q85+T85+W85+Z85)/2 -> 64250 | AD85: 0 | AE85: =AC85*J85 -> 642500
A86: 5 | B86: 110171703 | C86: 270922 | D86: 10171702 | E86: 39 | F86: Tiabendazol 500 grs/lt | G86: FRASCO X 100cc | J86: 10 | K86: 36000 | L86: 0 | M86: =K86*J86 -> 360000 | N86: 0 | O86: 0 | P86: =J86*N86 -> 0 | Q86: 0 | R86: 0 | S86: =J86*Q86 -> 0 | T86: 0 | U86: 0 | V86: =J86*T86 -> 0 | W86: 0 | X86: 0 | Y86: =J86*W86 -> 0 | Z86: 26500 | AA86: 0 | AB86: =J86*Z86 -> 265000 | AC86: =SUM(K86+N86+Q86+T86+W86+Z86)/2 -> 31250 | AD86: 0 | AE86: =AC86*J86 -> 312500
A87: 5 | B87: 110171607 | C87: 287716 | D87: 12161913 | E87: 40 | F87: CLASE AGRICOLA NOMBRE COADYUVANTE POTENSOL | G87: LITRO | J87: 15 | K87: 19000 | L87: 0 | M87: =K87*J87 -> 285000 | N87: 0 | O87: 0 | P87: =J87*N87 -> 0 | Q87: 0 | R87: 0 | S87: =J87*Q87 -> 0 | T87: 0 | U87: 0 | V87: =J87*T87 -> 0 | W87: 0 | X87: 0 | Y87: =J87*W87 -> 0 | Z87: 13800 | AA87: 0 | AB87: =J87*Z87 -> 207000 | AC87: =SUM(K87+N87+Q87+T87+W87+Z87)/2 -> 16400 | AD87: 0 | AE87: =AC87*J87 -> 246000
A88: 5 | B88: 110171703 | C88: 244585 | D88: 10171702 | E88: 41 | F88: FUNGICIDA: 4 grs metalaxil-M+ 64 grs mancozeb | G88: BOLSA 500 G | J88: 10 | K88: 19800 | L88: 0 | M88: =K88*J88 -> 198000 | N88: 0 | O88: 0 | P88: =J88*N88 -> 0 | Q88: 0 | R88: 0 | S88: =J88*Q88 -> 0 | T88: 0 | U88: 0 | V88: =J88*T88 -> 0 | W88: 0 | X88: 0 | Y88: =J88*W88 -> 0 | Z88: 15000 | AA88: 0 | AB88: =J88*Z88 -> 150000 | AC88: =SUM(K88+N88+Q88+T88+W88+Z88)/2 -> 17400 | AD88: 0 | AE88: =AC88*J88 -> 174000
A89: 5 | B89: 127112030 | C89: 278911 | D89: 21100000 | E89: 42 | F89: TIJERA PODADORA PARA FRUTALES 14 PULGADAS MATERIAL ACERO INOXIDABLE | G89: UNIDAD | J89: 45 | K89: 36500 | L89: 0 | M89: =K89*J89 -> 1642500 | N89: 0 | O89: 0 | P89: =J89*N89 -> 0 | Q89: 0 | R89: 0 | S89: =J89*Q89 -> 0 | T89: 33102 | U89: 0 | V89: =J89*T89 -> 1489590 | W89: 0 | X89: 0 | Y89: =J89*W89 -> 0 | Z89: 0 | AA89: 0 | AB89: =J89*Z89 -> 0 | AC89: =SUM(K89+N89+Q89+T89+W89+Z89)/2 -> 34801 | AD89: 0 | AE89: =AC89*J89 -> 1566045
A90: 5 | B90: 131162812 | C90: 230720 | D90: 21102305 | E90: 43 | F90: POLISOMBA 65% | G90: ROLLO | J90: 32 | K90: 209000 | L90: 0.19 | M90: =K90*J90 -> 6688000 | N90: 156250 | O90: 0 | P90: =J90*N90 -> 5000000 | Q90: 0 | R90: 0 | S90: =J90*Q90 -> 0 | T90: 0 | U90: 0 | V90: =J90*T90 -> 0 | W90: 10000 | X90: 0 | Y90: =J90*W90 -> 320000 | Z90: 0 | AA90: 0 | AB90: =J90*Z90 -> 0 | AC90: =SUM(K90+N90+Q90+T90+W90+Z90)/2 -> 187625 | AD90: 0.19 | AE90: =AC90*J90 -> 6004000
A91: 5 | B91: 131162812 | C91: 248821 | D91: 11162111 | E91: 44 | F91: MALLA NEGRA | G91: ROLLO | J91: 28 | K91: 39000 | L91: 0.19 | M91: =K91*J91 -> 1092000 | N91: 77500 | O91: 0 | P91: =J91*N91 -> 2170000 | Q91: 0 | R91: 0 | S91: =J91*Q91 -> 0 | T91: 0 | U91: 0 | V91: =J91*T91 -> 0 | W91: 0 | X91: 0 | Y91: =J91*W91 -> 0 | Z91: 85000 | AA91: 0 | AB91: =J91*Z91 -> 2380000 | AC91: =SUM(K91+N91+Q91+T91+W91+Z91)/3 -> 67166.667 | AD91: 0.19 | AE91: =AC91*J91 -> 1880666.7
A92: 5 | B92: 113102204 | C92: 241360 | D92: 13102027 | E92: 45 | F92: PLASTICO NEGRO | G92: ROLLO | J92: 1 | K92: 897000 | L92: 0.19 | M92: =K92*J92 -> 897000 | N92: 0 | O92: 0 | P92: =J92*N92 -> 0 | Q92: 0 | R92: 0 | S92: =J92*Q92 -> 0 | T92: 0 | U92: 0 | V92: =J92*T92 -> 0 | W92: 0 | X92: 0 | Y92: =J92*W92 -> 0 | Z92: 700000 | AA92: 0 | AB92: =J92*Z92 -> 700000 | AC92: =SUM(K92+N92+Q92+T92+W92+Z92)/2 -> 798500 | AD92: 0.19 | AE92: =AC92*J92 -> 798500
A93: 5 | B93: 140141744 | C93: 276997 | D93: 20122504 | E93: 46 | F93: MANGUERA 20 METROS CON ACOPLE Y PISTOLA DE 8 FUNCIONES PARA JARDINERIA MATERIAL POLIETILENO | G93: UNIDAD | J93: 2 | K93: 89000 | L93: 0.19 | M93: =K93*J93 -> 178000 | N93: 0 | O93: 0 | P93: =J93*N93 -> 0 | Q93: 0 | R93: 0 | S93: =J93*Q93 -> 0 | T93: 0 | U93: 0 | V93: =J93*T93 -> 0 | W93: 0 | X93: 0 | Y93: =J93*W93 -> 0 | Z93: 56000 | AA93: 0 | AB93: =J93*Z93 -> 112000 | AC93: =SUM(K93+N93+Q93+T93+W93+Z93)/2 -> 72500 | AD93: 0.19 | AE93: =AC93*J93 -> 145000
A94: 5 | B94: 131161505 | C94: 236017 | D94: 31162004 | E94: 47 | F94: CLAVO TAMAÑO 3 PULGADAS UNIDAD DE MEDIDA UNIDAD CARACTERISTICA ESTRIADO MATERIAL ACERO | G94: CAJA | J94: 10 | K94: 6700 | L94: 0.19 | M94: =K94*J94 -> 67000 | N94: 0 | O94: 0 | P94: =J94*N94 -> 0 | Q94: 0 | R94: 0 | S94: =J94*Q94 -> 0 | T94: 0 | U94: 0 | V94: =J94*T94 -> 0 | W94: 0 | X94: 0 | Y94: =J94*W94 -> 0 | Z94: 4500 | AA94: 0 | AB94: =J94*Z94 -> 45000 | AC94: =SUM(K94+N94+Q94+T94+W94+Z94)/2 -> 5600 | AD94: 0.19 | AE94: =AC94*J94 -> 56000
A95: 5 | B95: 147121828 | C95: 271032 | D95: 47121800 | E95: 48 | F95: BALDE CAPACIDAD 20 LITROS MATERIAL PLASTICO | G95: UNIDAD | J95: 10 | K95: 16000 | L95: 0.05 | M95: =K95*J95 -> 160000 | N95: 0 | O95: 0 | P95: =J95*N95 -> 0 | Q95: 0 | R95: 0 | S95: =J95*Q95 -> 0 | T95: 0 | U95: 0 | V95: =J95*T95 -> 0 | W95: 0 | X95: 0 | Y95: =J95*W95 -> 0 | Z95: 45000 | AA95: 0 | AB95: =Z95*J95 -> 450000 | AC95: =SUM(K95+N95+Q95+T95+W95+Z95)/2 -> 30500 | AD95: 0.05 | AE95: =AC95*J95 -> 305000
A96: 5 | B96: 127112028 | C96: 280630 | D96: 22101702 | E96: 49 | F96: PALA REDONDA CARACTERISTICA REDONDA CON CABO MATERIAL METALICO NUMERO 4 | G96: UNIDAD | J96: 4 | K96: 25600 | L96: 0.05 | M96: =K96*J96 -> 102400 | N96: 0 | O96: 0 | P96: =J96*N96 -> 0 | Q96: 0 | R96: 0 | S96: =J96*Q96 -> 0 | T96: 0 | U96: 0 | V96: =J96*T96 -> 0 | W96: 30000 | X96: 0 | Y96: =J96*W96 -> 120000 | Z96: 18500 | AA96: 0 | AB96: =J96*Z96 -> 74000 | AC96: =SUM(K96+N96+Q96+T96+Z96)/3 -> 14700 | AD96: 0.05 | AE96: =AC96*J96 -> 58800
A97: 5 | B97: 127111924 | C97: 280071 | D97: 27112003 | E97: 50 | F97: RASTRILLO CARACTERISTICA DE 14 DIENTES MATERIAL PLASTICO | G97: UNIDAD | J97: 2 | K97: 22300 | L97: 0.19 | M97: =K97*J97 -> 44600 | N97: 0 | O97: 0 | P97: =J97*N97 -> 0 | Q97: 0 | R97: 0 | S97: =J97*Q97 -> 0 | T97: 0 | U97: 0 | V97: =J97*T97 -> 0 | W97: 0 | X97: 0 | Y97: =J97*W97 -> 0 | Z97: 13000 | AA97: 0 | AB97: =J97*Z97 -> 26000 | AC97: =SUM(K97+N97+Q97+T97+W97+Z97)/2 -> 17650 | AD97: 0.19 | AE97: =AC97*J97 -> 35300
A98: 5 | B98: 111172119 | C98: 275003 | D98: 31211910 | E98: 51 | F98: GUANTE MATERIAL CARNAZA NUMERO 6 Y 7 | G98: PAR | J98: 5 | K98: 16500 | L98: 0.19 | M98: =K98*J98 -> 82500 | N98: 0 | O98: 0 | P98: =J98*N98 -> 0 | Q98: 0 | R98: 0 | S98: =J98*Q98 -> 0 | T98: 5317 | U98: 0 | V98: =J98*T98 -> 26585 | W98: 0 | X98: 0 | Y98: =J98*W98 -> 0 | Z98: 7500 | AA98: 0 | AB98: =J98*Z98 -> 37500 | AC98: =SUM(K98+N98+Q98+T98+W98+Z98)/3 -> 9772.3333 | AD98: 0.19 | AE98: =AC98*J98 -> 48861.667
A99: 5 | B99: 111172119 | C99: 255272 | D99: 31211910 | E99: 52 | F99: GUANTE MEDIDA PAR CARACTERISTICA CALIBRE 35 MATERIAL CAUCHO | G99: PAR | J99: 5 | K99: 9800 | L99: 0.19 | M99: =K99*J99 -> 49000 | N99: 0 | O99: 0 | P99: =J99*N99 -> 0 | Q99: 0 | R99: 0 | S99: =J99*Q99 -> 0 | T99: 0 | U99: 0 | V99: =J99*T99 -> 0 | W99: 0 | X99: 0 | Y99: =J99*W99 -> 0 | Z99: 9800 | AA99: 0 | AB99: =J99*Z99 -> 49000 | AC99: =SUM(K99+N99+Q99+T99+W99+Z99)/2 -> 9800 | AD99: 0.19 | AE99: =AC99*J99 -> 49000
A100: 5 | B100: 127112032 | C100: 280292 | D100: 22101703 | E100: 53 | F100: AZADONETA MATERIAL N.A. | G100: UNIDAD | J100: 2 | K100: 33450 | L100: 0.05 | M100: =K100*J100 -> 66900 | N100: 0 | O100: 0 | P100: =J100*N100 -> 0 | Q100: 0 | R100: 0 | S100: =J100*Q100 -> 0 | T100: 0 | U100: 0 | V100: =J100*T100 -> 0 | W100: 0 | X100: 0 | Y100: =J100*W100 -> 0 | Z100: 30000 | AA100: 0 | AB100: =J100*Z100 -> 60000 | AC100: =SUM(K100+N100+Q100+T100+W100+Z100)/2 -> 31725 | AD100: 0.05 | AE100: =AC100*J100 -> 63450
A101: 5 | B101: 127112217 | C101: 238585 | D101: 11162108 | E101: 54 | F101: ZARANDA TAMAÑO 6 X 6 UNIDAD DE MEDIDA UNIDAD MATERIAL METAL | G101: UNIDAD | J101: 2 | K101: 48000 | L101: 0.19 | M101: =K101*J101 -> 96000 | N101: 0 | O101: 0 | P101: =J101*N101 -> 0 | Q101: 0 | R101: 0 | S101: =J101*Q101 -> 0 | T101: 0 | U101: 0 | V101: =J101*T101 -> 0 | W101: 0 | X101: 0 | Y101: =J101*W101 -> 0 | Z101: 18000 | AA101: 0 | AB101: =J101*Z101 -> 36000 | AC101: =SUM(K101+N101+Q101+T101+W101+Z101)/2 -> 33000 | AD101: 0.19 | AE101: =AC101*J101 -> 66000
A102: 5 | B102: 124111516 | C102: 270938 | D102: 24111503 | E102: 55 | F102: BOLSA PLASTICA TRANSPARENTE IMPRESA CAPACIDAD UN KILO | G102: UNIDAD | J102: 16000 | K102: 109 | L102: 0.19 | M102: =K102*J102 -> 1744000 | N102: 147 | O102: 0.19 | P102: =J102*N102 -> 2352000 | R102: 0 | AC102: =SUM(K102+N102+Q102+T102+W102+Z102)/2 -> 128 | AD102: 0.19 | AE102: =AC102*J102 -> 2048000
A103: 5 | B103: 124111516 | C103: 270938 | D103: 24111503 | E103: 56 | F103: BOLSA PLASTICA TRANSPARENTE IMPRESA CAPACIDAD UNA LIBRA | G103: UNIDAD | J103: 16000 | K103: 52 | L103: 0.19 | M103: =K103*J103 -> 832000 | N103: 68 | O103: 0.19 | P103: =J103*N103 -> 1088000 | R103: 0 | AC103: =SUM(K103+N103+Q103+T103+W103+Z103)/2 -> 60 | AD103: 0.19 | AE103: =AC103*J103 -> 960000
A104: 5 | B104: 124111519 | C104: 279178 | E104: 57 | F104: CANASTILLA PLASTICA TIPO FRESERA TAMAÑO (60X40X13), CESTA MATERIAL POLIPROPILENO FONDO PERFORADO | G104: UNIDAD | J104: 100 | K104: 12852 | L104: 0 | M104: =K104*J104 -> 1285200 | N104: 11900 | O104: 0 | P104: =J104*N104 -> 1190000 | R104: 0 | AC104: =SUM(K104+N104+Q104+T104+W104+Z104)/2 -> 12376 | AD104: 0 | AE104: =AC104*J104 -> 1237600
A105: 5 | B105: 111172125 | C105: 279522 | D105: 21101703 | E105: 58 | F105: ARNES EN RIATA DE 2 PULGADAS CON 4 VASOS PORTA HEERAMIENTA | G105: UNIDAD | J105: 10 | K105: 36890 | L105: 0 | M105: =K105*J105 -> 368900 | N105: 36890 | O105: 0 | P105: =J105*N105 -> 368900 | R105: 0 | AC105: =SUM(K105+N105+Q105+T105+W105+Z105)/2 -> 36890 | AD105: 0 | AE105: =AC105*J105 -> 368900
...

Sheet PLAZO DE EJECUCIÒN
A1: PLAZO DE EJECUCIÒN
A2: Lote No. | B2: Valor POD | C2: Asignación | D2: Necesidades | E2: Diferencia | G2: Plazo de Ejecuciòn | H2: Lugar de Ejecuciòn
A3: =Necesidades!#REF! -> #REF! | B3: =Necesidades!#REF! -> #REF! | C3: 246300000 | D3: =SUM(B3:B5) -> #REF! | E3: =C3-D3 -> #REF! | G3: 4 meses calendario | H3: SAN PEDRO DE LOS MILAGROS, BELMIRA, ENTRERRIOS, DONMATIAS, YARUMAL, CAMPAMENTO, ANGOSTURA, CAROLINA DEL PRINCIPE, GOMEZ PLATA, GUADALUPE, VALDIVIA, BRICEÑO, SAN JOSE DE LA MONTAÑA, SAN ANDRES DE CUERQUIA, TOLEDO, ITUANGO, SANTA ROSA DE OSOS Y LAS VEREDAS Y CORREGIMIENTOS DE CADA UNO DE LOS 17 MUNICIPIOS DEL NORTE DE ANTIOQUIA
A4: =Necesidades!#REF! -> #REF! | B4: =Necesidades!#REF! -> #REF! | G4: 4 meses calendario
A5: =Necesidades!#REF! -> #REF! | B5: =Necesidades!#REF! -> #REF! | G5: 4 meses calendario
A6: =Necesidades!#REF! -> #REF! | B6: =Necesidades!#REF! -> #REF! | C6: 124375329 | D6: =SUM(B6:B12) -> #REF! | E6: =C6-D6 -> #REF! | G6: 2 meses calendario | H6: Medellìn
A7: =Necesidades!#REF! -> #REF! | B7: =Necesidades!#REF! -> #REF! | G7: 2 meses calendario | H7: Medellìn
A8: =Necesidades!#REF! -> #REF! | B8: =Necesidades!#REF! -> #REF! | G8: 5 meses calendario | H8: Santa Rosa de Osos y los 17 municipios adscritos a la subsede son: Angostura, Belmira, Briceño, Campamento, Carolina del Príncipe, Don Matías, Entrerríos, Gómez Plata, Guadalupe, Ituango, San Andrés de Cuerquia, San José de la Montaña, San Pedro de los Milagros, Santa Rosa de Osos, Toledo, Valdivia, Yarumal
A9: =Necesidades!#REF! -> #REF! | B9: =Necesidades!#REF! -> #REF! | G9: 2 meses calendario
A10: =Necesidades!#REF! -> #REF! | B10: =Necesidades!#REF! -> #REF! | G10: 2 meses calendario
A11: =Necesidades!#REF! -> #REF! | B11: =Necesidades!#REF! -> #REF! | G11: 2 meses calendario
A12: =Necesidades!#REF! -> #REF! | B12: =Necesidades!#REF! -> #REF! | G12: 3 meses calendario | H12: Medellìn
A13: =Necesidades!#REF! -> #REF! | B13: =Necesidades!#REF! -> #REF! | C13: 47014153 | D13: =SUM(B13:B15) -> #REF! | E13: =C13-B13-B14-B15-B16-B17 -> #REF! | G13: 5 meses calendario | H13: Santa Rosa de Osos y los 17 municipios adscritos a la subsede son: Angostura, Belmira, Briceño, Campamento, Carolina del Príncipe, Don Matías, Entrerríos, Gómez Plata, Guadalupe, Ituango, San Andrés de Cuerquia, San José de la Montaña, San Pedro de los Milagros, Santa Rosa de Osos, Toledo, Valdivia, Yarumal
A14: =Necesidades!#REF! -> #REF! | B14: =Necesidades!#REF! -> #REF! | G14: 2 meses calendario
A15: =Necesidades!#REF! -> #REF! | B15: =Necesidades!#REF! -> #REF! | G15: 2 meses calendario
A16: =Necesidades!#REF! -> #REF! | B16: =Necesidades!#REF! -> #REF! | F16: =E13-E16 -> #REF! | G16: 3 meses calendario | H16: Medellìn
A17: =Necesidades!#REF! -> #REF! | B17: =Necesidades!#REF! -> #REF! | G17: 3 meses calendario | H17: Medellìn
A18: =Necesidades!#REF! -> #REF! | B18: =Necesidades!#REF! -> #REF! | C18: 157000000 | D18: =SUM(B18:B24) -> #REF! | E18: =C18-D18 -> #REF! | G18: 3 meses calendario | H18: Medellìn
A19: =Necesidades!#REF! -> #REF! | B19: =Necesidades!#REF! -> #REF! | G19: 2 meses calendario | H19: Medellìn
A20: =Necesidades!#REF! -> #REF! | B20: =Necesidades!#REF! -> #REF! | G20: 5 meses calendario | H20: Santa Rosa de Osos y los 17 municipios adscritos a la subsede son: Angostura, Belmira, Briceño, Campamento, Carolina del Príncipe, Don Matías, Entrerríos, Gómez Plata, Guadalupe, Ituango, San Andrés de Cuerquia, San José de la Montaña, San Pedro de los Milagros, Santa Rosa de Osos, Toledo, Valdivia, Yarumal
A21: =Necesidades!#REF! -> #REF! | B21: =Necesidades!#REF! -> #REF! | G21: 2 meses calendario | H21: Santa Rosa de Osos y los 17 municipios adscritos a la subsede son: Angostura, Belmira, Briceño, Campamento, Carolina del Príncipe, Don Matías, Entrerríos, Gómez Plata, Guadalupe, Ituango, San Andrés de Cuerquia, San José de la Montaña, San Pedro de los Milagros, Santa Rosa de Osos, Toledo, Valdivia, Yarumal
A22: =Necesidades!#REF! -> #REF! | B22: =Necesidades!#REF! -> #REF! | G22: 2 meses calendario | H22: Santa Rosa de Osos y los 17 municipios adscritos a la subsede son: Angostura, Belmira, Briceño, Campamento, Carolina del Príncipe, Don Matías, Entrerríos, Gómez Plata, Guadalupe, Ituango, San Andrés de Cuerquia, San José de la Montaña, San Pedro de los Milagros, Santa Rosa de Osos, Toledo, Valdivia, Yarumal
A23: =Necesidades!#REF! -> #REF! | B23: =Necesidades!#REF! -> #REF! | G23: 2 meses calendario | H23: Sede Medellìn y Subsede Santa Rosa de Osos y los 17 municipios adscritos a la subsede son: Angostura, Belmira, Briceño, Campamento, Carolina del Príncipe, Don Matías, Entrerríos, Gómez Plata, Guadalupe, Ituango, San Andrés de Cuerquia, San José de la Montaña, San Pedro de los Milagros, Santa Rosa de Osos, Toledo, Valdivia, Yarumal
A24: =Necesidades!#REF! -> #REF! | B24: =Necesidades!#REF! -> #REF! | G24: 4 meses calendario | H24: Medellìn
A25: =Necesidades!#REF! -> #REF! | B25: =Necesidades!#REF! -> #REF! | C25: 40000000 | D25: =B25 -> #REF! | E25: =C25-D25 -> #REF! | G25: 2 meses calendario | H25: Santa Rosa de Osos y los 17 municipios adscritos a la subsede son: Angostura, Belmira, Briceño, Campamento, Carolina del Príncipe, Don Matías, Entrerríos, Gómez Plata, Guadalupe, Ituango, San Andrés de Cuerquia, San José de la Montaña, San Pedro de los Milagros, Santa Rosa de Osos, Toledo, Valdivia, Yarumal
B27: =SUM(B3:B25) -> #REF!
A28: UNSPSC – Decreto 1082 de 2015
A29: ITEM | B29: GRUPO | C29: SEGMENTO | D29: FAMILIA | E29: CLASE
A30: 1 | B30: (B) Materias Primas | C30: 12000000 | D30: 12350000 | E30: 12352500
A31: 2 | B31: (E) Productos de uso Final | C31: 51000000 | D31: 51190000 | E31: 51191600
A32: 3 | B32: (B) Materias Primas | C32: 12000000 | D32: 12350000 | E32: 12352400
A33: 4 | B33: (B) Materias Primas | C33: 12000000 | D33: 12160000 | E33: 1lote 61700
A34: 5 | B34: (D) Componentes y Suministros | C34: 41000000 | D34: 41100000 | E34: 41103800
